 Dungeon Crawl Stone Soup version 0.31-a0-691-g409c26aa35 (webtiles) character file.

Game seed: 16641308606628574292

118010 qw the Marksgargoyle (level 16, -1/114 HPs)
             Began as a Gargoyle Hunter on Sept 6, 2023.
             Was a High Priest of Okawaru.
             Slain by an entropy weaver (4 damage)
             ... on level 3 of the Spider Nest.
             The game lasted 00:26:31 (25204 turns).

qw the Marksgargoyle (Gargoyle Hunter)             Turns: 25204, Time: 00:26:32

Health: -1/114     AC: 22    Str: 18    XL:     16   Next: 75%
Magic:  20/23      EV: 31    Int:  9    God:    Okawaru [*****.]
Gold:   591        SH:  0    Dex: 25    Spells: 15/15 levels left

rFire   + + +        A - +7 hand cannon "Mule" {flame, backblast, rF+}
rCold   . . .        (no shield)
rNeg    + + .        t - +1 robe of the Original Sin {rF++ Int-3 Slay+2 SInv}
rPois   inf          f - +2 helmet
rElec   +            a - +0 cloak
rCorr   +            v - +2 pair of gloves of Egalitarianism {rN+ Regen+ rCorr Int+3}
SInv    +            w - +2 pair of slick slippers {slick, slippery, EV+4}
Will    +....        g - amulet of faith
Stlth   ++++         j - +4 ring of protection
HPRegen 1.19/turn    B - +6 ring of dexterity
MPRegen 0.18/turn

%: faith
@: about to teleport, heroic, corroded, flying
A: sickness immunity, AC +12, big wings, negative energy resistance 1,
electricity resistance, torment resistance 1, petrification resistance
a: Renounce Religion, Heroism, Finesse, Duel


You were on level 3 of the Spider Nest.
You worshipped Okawaru.
Okawaru was extremely pleased with you.
You visited 5 branches of the dungeon, and saw 26 of its levels.

You collected 3467 gold pieces.
You spent 2876 gold pieces at shops.


Innate Abilities, Weirdness & Mutations

You are immune to sickness and miasma.
Your stone body is resilient. (AC +12)
You are immune to poison.
Your large and strong wings let you fly.
You resist negative energy. (rN+)
You are resistant to electric shocks. (rElec)
You are resistant to unholy torment.
You are immune to petrification.


   Skills:
 - Level 18.2(23.2) Fighting
 + Level 18.4(23.4) Ranged Weapons
 - Level 7.0(12.0) Armour
 - Level 11.0(16.0) Dodging
 - Level 1.1(6.1) Stealth
 - Level 10.0 Invocations


You had 15 spell levels left.
You didn't know any spells.
Your spell library was empty.

Inventory:

Hand Weapons
 A - the +7 hand cannon "Mule" (weapon) {flame, backblast, rF+}
   (You found it on level 2 of the Spider Nest)

   rF+:       It protects you from fire.
Armour
 a - a +0 cloak (worn)
 f - a +2 helmet (worn)
 h - a +0 troll leather armour
 r - the +8 ring mail of Disguise {Harm}
   (You found it on level 1 of the Spider Nest)

   Harm:      It increases damage dealt and taken.
 s - the +0 pair of gloves "Cymi Bio" {rF++ rCorr Str+2 Int+2}
   (You found it on level 5 of the Lair of Beasts)

   Str+2:     It affects your strength (+2).
   Int+2:     It affects your intelligence (+2).
   rF++:      It greatly protects you from fire.
   rCorr:     It protects you from acid and corrosion.
 t - the +1 robe of the Original Sin (worn) {rF++ Int-3 Slay+2 SInv}
   (You found it on level 5 of the Lair of Beasts)

   Int-3:     It affects your intelligence (-3).
   Slay+2:    It affects your accuracy & damage with ranged weapons and melee
   (+2).
   rF++:      It greatly protects you from fire.
   SInv:      It lets you see invisible.
 v - the +2 pair of gloves of Egalitarianism (worn) {rN+ Regen+ rCorr Int+3}
   (Okawaru gifted it to you on level 11 of the Dungeon)

   Int+3:     It affects your intelligence (+3).
   rN+:       It protects you from negative energy.
   Regen+:    It increases your rate of health regeneration.
   rCorr:     It protects you from acid and corrosion.
 w - the +2 pair of slick slippers (worn) {slick, slippery, EV+4}
   (Okawaru gifted it to you on level 14 of the Dungeon)

   Slick:     Its wearer cannot be constricted, engulfed, netted or webbed.
   Slippery:  Its wearer slips away from damaging melee attacks, pulling the
   attacker onward.
   EV+4:      It affects your evasion (+4).
Jewellery
 b - a ring of fire
 g - an amulet of faith (around neck)
 j - a +4 ring of protection (left hand)
 m - an amulet of regeneration
 x - the ring of Ickow {rN++ rCorr Dex+3}
   (You bought it in a shop on level 1 of the Orcish Mines)

   [ring of resist corrosion]

   Dex+3:     It affects your dexterity (+3).
   rN++:      It greatly protects you from negative energy.
   rCorr:     It protects you from acid and corrosion.
 B - a +6 ring of dexterity (right hand)
Scrolls
 e - 14 scrolls of identify
 p - 5 scrolls of teleportation
Potions
 c - 3 potions of enlightenment
 d - a potion of magic
 i - 3 potions of mutation
 k - a potion of resistance
 l - 4 potions of cancellation
 n - 6 potions of might
 o - 4 potions of curing
 u - 3 potions of haste
 z - a potion of heal wounds

Dungeon Overview and Level Annotations

Branches:
Dungeon (15/15)            Temple (1/1) D:6            Lair (5/5) D:10
 Shoals (0/4) Lair:2       Spider (3/4) Lair:3        Slime (0/5) Lair:4
    Orc (2/2) D:10            Elf (0/3) Orc:2        Vaults (0/5) D:13
 Depths (0/4) D:15

Altars:
Ashenzari
Cheibriados
Dithmenos
Elyvilon
Fedhas
Gozag
Hepliaklqana
Kikubaaqudgha
Makhleb
Nemelex Xobeh
Okawaru
Qazlal
Ru
Sif Muna
Trog
Uskayaw
Vehumet
Wu Jian
Xom
Yredelemnul
Zin
The Shining One
Lugonu

Shops:
D:3 !   D:9 [   Orc:1 !=   Orc:2 ((=:

Portals:
Hell: Lair:5

Annotations:
D:5 1 transporter, qw's ghost, novice MiHs
D:7 1 runed translucent door, Crazy Yiuf
Lair:1 1 runed translucent door, qw's ghost, journeyman GrFi
Spider:2 3 runed translucent doors, Feguytzu's ghost, journeyman GrMo; Secrolyq's ghost, adept GrFi


Message History

The entropy weaver is lightly wounded.
The redback bites you. The redback completely misses you.
The redback misses you.
A pharaoh ant comes into view.
The wolf spider simulacrum misses you. x2; The redback bites you.
The redback misses you.
You shoot a bolt. The bolt barely misses the redback.
The bolt hits the entropy weaver!!!
The bolt burns the entropy weaver!
The entropy weaver is severely wounded.
The redback barely misses you. x2
The wolf spider simulacrum completely misses you. x2
The redback completely misses you. x2
You shoot a bolt. The bolt hits the redback!
The bolt burns the redback.
You kill the redback!
Okawaru accepts your kill.
A freezing mist starts to gather...
A redback simulacrum comes into view.
The redback completely misses you.
The wolf spider simulacrum hits you but does no damage.
The wolf spider simulacrum completely misses you.
The redback completely misses you.
The wolf spider simulacrum closely misses you.
The wolf spider simulacrum completely misses you.
The wolf spider simulacrum hits you!
The wolf spider simulacrum freezes you!!
The wolf spider simulacrum misses you. The entropy weaver barely misses you.
The entropy weaver completely misses you.
The entropy weaver misses you.
The entropy weaver completely misses you.
25204 ||| READING 6 scrolls of teleportation.
As you read the scroll of teleportation, it crumbles to dust.
You feel strangely unstable. The redback bites you. The redback misses you.
The wolf spider simulacrum completely misses you.
The wolf spider simulacrum misses you.
The wolf spider simulacrum completely misses you.
The wolf spider simulacrum misses you.
The entropy weaver hits you but does no damage.
The entropy weaver hits you.
You die...

## ##^# ....###
^......###
....^...Z##
......¤¤Z@#
........sB#######.
........Zy........
.........B........
#^...####)<.......
#..# #............
## #..............
^^^............
####.?.).......


You could see an entropy weaver (soul bound), a moth of wrath, a pharaoh ant, a
redback (berserk, soul bound), 2 wolf spider simulacra and a redback simulacrum.

Vanquished Creatures
  Arachne (Spider:2)
  Kirke (D:14)
  Donald (Spider:3)
  An emperor scorpion (Spider:1)
  3 orc warlords (Orc:2)
  4 broodmothers
  A dire elephant (Lair:5)
  An entropy weaver (Spider:2)
  Erolcha (Orc:1)
  2 ice dragons (D:15)
  3 centaur warriors
  7 hydras
  An anaconda (shapeshifter) (D:13)
  A two-headed ogre (D:14)
  Erica (D:8)
  2 catoblepae
  2 boulder beetles
  A jorogumo (Spider:2)
  3 demonic crawlers
  3 tengu warriors
  6 death yaks (Lair:5)
  Urug (Lair:3)
  Nergalle (D:11)
  Sonja (D:11)
  A sun demon (Lair:5)
  2 skysharks
  Lodul (D:11)
  3 pharaoh ants
  8 skeletal warriors
  4 orb spiders
  A wizard (Lair:5)
  A lindwurm (Lair:5)
  3 deep elf pyromancers
  2 steelbarb worms (Spider:1)
  Pikel (D:6)
  4 orc knights
  2 manticores
  5 cyclopes
  15 wolf spiders
  3 orc sorcerers
  10 ugly things
  2 moths of wrath
  2 black mambas
  20 elephants
  A smoke demon (Lair:5)
  5 gargoyles
  Jeremiah (D:8)
  An orange demon (Lair:5)
  A torpor snail (Lair:2)
  6 cane toads
  4 rime drakes
  3 ice devils (Lair:5)
  Psyche (D:11)
  An unseen horror (D:10)
  A kobold demonologist (D:13)
  4 komodo dragons
  A queen bee (shapeshifter) (D:13)
  2 red devils (Lair:5)
  4 trolls
  A meliai (shapeshifter) (D:13)
  6 polar bears
  15 blink frogs
  A wind drake (shapeshifter) (D:14)
  A hornet (Lair:1)
  11 dream sheep
  12 tarantellas
  Sigmund (D:6)
  15 jumping spiders
  A spriggan (D:8)
  A culicivora (shapeshifter) (D:14)
  A slime creature (Lair:1)
  2 vampires (D:13)
  2 wraiths
  8 culicivoras
  41 yaks
  2 wyverns (Lair:3)
  A hog (D:14)
  5 basilisks
  2 humans (D:14)
  A steam dragon (D:9)
  4 vampire mosquitoes (D:14)
  17 redbacks
  13 water moccasins
  5 wargs
  An acid dragon (D:10)
  3 hell hounds (Lair:5)
  2 ice beasts
  49 orc warriors
  A black bear (D:6)
  14 ogres
  6 wolves (Lair:5)
  2 phantoms
  33 centaurs
  A lemure (D:6)
  3 gnoll sergeants
  4 kobold brigands
  10 bullfrogs
  4 scorpions
  12 killer bees
  An electric eel (Lair:5)
  8 howler monkeys
  10 jellies
  3 hounds
  17 orc priests
  An iguana (D:7)
  22 orc wizards
  21 gnolls
  7 adders
  A white imp (D:6)
  2 ufetubi
  2 worms (Lair:3)
  3 dart slugs
  86 orcs
  7 bats
  18 endoplasms
  11 giant cockroaches
  5 hobgoblins
  3 jackals (D:2)
  20 kobolds
  A quokka (D:3)
  9 ball pythons
  3 frilled lizards
  10 goblins
  5 rats
765 creatures vanquished.

Notes
Turn   | Place    | Note
-------+----------+-------------------------------------------
     0 | D:1      | qw the Gargoyle Hunter began the quest for the Orb.
     0 | D:1      | Reached XP level 1. HP: 12/12 MP: 1/1
     0 | D:1      | 0 ||| qw: Version: 0.3-a-76-g4403597
     0 | D:1      | 0 ||| qw: Game counter: 231
     0 | D:1      | 0 ||| qw: Melee chars always use a shield: true
     0 | D:1      | 0 ||| qw: God list: Okawaru
     0 | D:1      | 0 ||| qw: Allow faded altars: false
     0 | D:1      | 0 ||| qw: Do Orc after clearing Dungeon:15 true
     0 | D:1      | 0 ||| qw: Do second Lair branch before Depths: true
     0 | D:1      | 0 ||| qw: Lair rune preference: random
     0 | D:1      | 0 ||| qw: Goals: Normal
     0 | D:1      | 0 ||| PLANNING D:1-11
   223 | D:1      | Reached XP level 2. HP: 17/17 MP: 2/2
   686 | D:1      | 686 ||| UPGRADING to +0 helmet.
   691 | D:1      | 691 ||| DROPPING amulet of magic regeneration.
   692 | D:1      | 692 ||| READING 2 scrolls labelled ENIPRO RUCHITARI.
   693 | D:1      | 693 ||| READING scroll of enchant armour.
   693 | D:1      | 693 ||| ENCHANTING +0 helmet.
   694 | D:1      | 694 ||| READING 3 scrolls labelled PALETU UCUA.
   695 | D:1      | 695 ||| READING scroll labelled ZUKHUT CAUTS.
   696 | D:1      | 696 ||| READING scroll labelled MOQIOV YGIVEEB.
   697 | D:1      | 697 ||| DRINKING 2 yellow potions.
   698 | D:1      | 698 ||| DROPPING scroll of butterflies.
   699 | D:1      | 699 ||| DROPPING 2 scrolls of blinking.
   900 | D:1      | 900 ||| Stepping randomly (stuck).
   901 | D:1      | 901 ||| Stepping randomly (stuck).
   902 | D:1      | 902 ||| Stepping randomly (stuck).
   903 | D:1      | 903 ||| Stepping randomly (stuck).
   904 | D:1      | 904 ||| Stepping randomly (stuck).
   905 | D:1      | 905 ||| Stepping randomly (stuck).
   906 | D:1      | 906 ||| Stepping randomly (stuck).
   907 | D:1      | 907 ||| Stepping randomly (stuck).
   908 | D:1      | 908 ||| Stepping randomly (stuck).
   909 | D:1      | 909 ||| Stepping randomly (stuck).
   910 | D:1      | 910 ||| Stepping randomly (stuck).
   911 | D:1      | 911 ||| Stepping randomly (stuck).
   912 | D:1      | 912 ||| Stepping randomly (stuck).
   913 | D:1      | 913 ||| Stepping randomly (stuck).
   914 | D:1      | 914 ||| Stepping randomly (stuck).
   915 | D:1      | 915 ||| Stepping randomly (stuck).
   916 | D:1      | 916 ||| Stepping randomly (stuck).
   917 | D:1      | 917 ||| Stepping randomly (stuck).
   918 | D:1      | 918 ||| Stepping randomly (stuck).
   919 | D:1      | 919 ||| Stepping randomly (stuck).
   920 | D:1      | 920 ||| Stepping randomly (stuck).
   921 | D:1      | 921 ||| Stepping randomly (stuck).
   922 | D:1      | 922 ||| Stepping randomly (stuck).
   923 | D:1      | 923 ||| Stepping randomly (stuck).
   924 | D:1      | 924 ||| Stepping randomly (stuck).
   925 | D:1      | 925 ||| Stepping randomly (stuck).
   926 | D:1      | 926 ||| Stepping randomly (stuck).
   927 | D:1      | 927 ||| Stepping randomly (stuck).
   928 | D:1      | 928 ||| Stepping randomly (stuck).
   929 | D:1      | 929 ||| Stepping randomly (stuck).
   930 | D:1      | 930 ||| Stepping randomly (stuck).
   931 | D:1      | 931 ||| Stepping randomly (stuck).
   932 | D:1      | 932 ||| Stepping randomly (stuck).
   933 | D:1      | 933 ||| Stepping randomly (stuck).
   934 | D:1      | 934 ||| Stepping randomly (stuck).
   935 | D:1      | 935 ||| Stepping randomly (stuck).
   936 | D:1      | 936 ||| Stepping randomly (stuck).
   937 | D:1      | 937 ||| Stepping randomly (stuck).
   938 | D:1      | 938 ||| Stepping randomly (stuck).
   939 | D:1      | 939 ||| Stepping randomly (stuck).
   940 | D:1      | 940 ||| Stepping randomly (stuck).
   941 | D:1      | 941 ||| Stepping randomly (stuck).
   942 | D:1      | 942 ||| Stepping randomly (stuck).
   943 | D:1      | 943 ||| Stepping randomly (stuck).
   944 | D:1      | 944 ||| Stepping randomly (stuck).
   945 | D:1      | 945 ||| Stepping randomly (stuck).
   946 | D:1      | 946 ||| Stepping randomly (stuck).
   947 | D:1      | 947 ||| Stepping randomly (stuck).
   948 | D:1      | 948 ||| Stepping randomly (stuck).
   949 | D:1      | 949 ||| Stepping randomly (stuck).
   950 | D:1      | 950 ||| Stepping randomly (stuck).
   951 | D:1      | 951 ||| Stepping randomly (stuck).
   952 | D:1      | 952 ||| Stepping randomly (stuck).
   953 | D:1      | 953 ||| Stepping randomly (stuck).
   954 | D:1      | 954 ||| Stepping randomly (stuck).
   955 | D:1      | 955 ||| Stepping randomly (stuck).
   956 | D:1      | 956 ||| Stepping randomly (stuck).
   957 | D:1      | 957 ||| Stepping randomly (stuck).
   958 | D:1      | 958 ||| Stepping randomly (stuck).
   959 | D:1      | 959 ||| Stepping randomly (stuck).
   960 | D:1      | 960 ||| Stepping randomly (stuck).
   961 | D:1      | 961 ||| Stepping randomly (stuck).
   962 | D:1      | 962 ||| Stepping randomly (stuck).
   963 | D:1      | 963 ||| Stepping randomly (stuck).
   964 | D:1      | 964 ||| Stepping randomly (stuck).
   965 | D:1      | 965 ||| Stepping randomly (stuck).
   966 | D:1      | 966 ||| Stepping randomly (stuck).
   967 | D:1      | 967 ||| Stepping randomly (stuck).
   968 | D:1      | 968 ||| Stepping randomly (stuck).
   969 | D:1      | 969 ||| Stepping randomly (stuck).
   970 | D:1      | 970 ||| Stepping randomly (stuck).
   971 | D:1      | 971 ||| Stepping randomly (stuck).
   972 | D:1      | 972 ||| Stepping randomly (stuck).
   973 | D:1      | 973 ||| Stepping randomly (stuck).
   974 | D:1      | 974 ||| Stepping randomly (stuck).
   975 | D:1      | 975 ||| Stepping randomly (stuck).
   976 | D:1      | 976 ||| Stepping randomly (stuck).
   977 | D:1      | 977 ||| Stepping randomly (stuck).
   978 | D:1      | 978 ||| Stepping randomly (stuck).
   979 | D:1      | 979 ||| Stepping randomly (stuck).
   980 | D:1      | 980 ||| Stepping randomly (stuck).
   981 | D:1      | 981 ||| Stepping randomly (stuck).
   982 | D:1      | 982 ||| Stepping randomly (stuck).
   983 | D:1      | 983 ||| Stepping randomly (stuck).
   984 | D:1      | 984 ||| Stepping randomly (stuck).
   985 | D:1      | 985 ||| Stepping randomly (stuck).
   986 | D:1      | 986 ||| Stepping randomly (stuck).
   987 | D:1      | 987 ||| Stepping randomly (stuck).
   988 | D:1      | 988 ||| Stepping randomly (stuck).
   989 | D:1      | 989 ||| Stepping randomly (stuck).
   990 | D:1      | 990 ||| Stepping randomly (stuck).
   991 | D:1      | 991 ||| Stepping randomly (stuck).
   992 | D:1      | 992 ||| Stepping randomly (stuck).
   993 | D:1      | 993 ||| Stepping randomly (stuck).
   994 | D:1      | 994 ||| Stepping randomly (stuck).
   995 | D:1      | 995 ||| Stepping randomly (stuck).
   996 | D:1      | 996 ||| Stepping randomly (stuck).
   997 | D:1      | 997 ||| Stepping randomly (stuck).
   998 | D:1      | 998 ||| Stepping randomly (stuck).
   999 | D:1      | 999 ||| Stepping randomly (stuck).
  1000 | D:1      | 1000 ||| Stepping randomly (stuck).
  1001 | D:1      | 1001 ||| Stepping randomly (stuck).
  1002 | D:1      | 1002 ||| Stepping randomly (stuck).
  1003 | D:1      | 1003 ||| Stepping randomly (stuck).
  1004 | D:1      | 1004 ||| Stepping randomly (stuck).
  1005 | D:1      | 1005 ||| Stepping randomly (stuck).
  1006 | D:1      | 1006 ||| Stepping randomly (stuck).
  1007 | D:1      | 1007 ||| Stepping randomly (stuck).
  1008 | D:1      | 1008 ||| Stepping randomly (stuck).
  1009 | D:1      | 1009 ||| Stepping randomly (stuck).
  1010 | D:1      | 1010 ||| Stepping randomly (stuck).
  1011 | D:1      | 1011 ||| Stepping randomly (stuck).
  1012 | D:1      | 1012 ||| Stepping randomly (stuck).
  1013 | D:1      | 1013 ||| Stepping randomly (stuck).
  1014 | D:1      | 1014 ||| Stepping randomly (stuck).
  1015 | D:1      | 1015 ||| Stepping randomly (stuck).
  1016 | D:1      | 1016 ||| Stepping randomly (stuck).
  1017 | D:1      | 1017 ||| Stepping randomly (stuck).
  1018 | D:1      | 1018 ||| Stepping randomly (stuck).
  1019 | D:1      | 1019 ||| Stepping randomly (stuck).
  1020 | D:1      | 1020 ||| Stepping randomly (stuck).
  1021 | D:1      | 1021 ||| Stepping randomly (stuck).
  1022 | D:1      | 1022 ||| Stepping randomly (stuck).
  1023 | D:1      | 1023 ||| Stepping randomly (stuck).
  1024 | D:1      | 1024 ||| Stepping randomly (stuck).
  1025 | D:1      | 1025 ||| Stepping randomly (stuck).
  1026 | D:1      | 1026 ||| Stepping randomly (stuck).
  1027 | D:1      | 1027 ||| Stepping randomly (stuck).
  1028 | D:1      | 1028 ||| Stepping randomly (stuck).
  1029 | D:1      | 1029 ||| Stepping randomly (stuck).
  1030 | D:1      | 1030 ||| Stepping randomly (stuck).
  1031 | D:1      | 1031 ||| Stepping randomly (stuck).
  1032 | D:1      | 1032 ||| Stepping randomly (stuck).
  1033 | D:1      | 1033 ||| Stepping randomly (stuck).
  1034 | D:1      | 1034 ||| Stepping randomly (stuck).
  1035 | D:1      | 1035 ||| Stepping randomly (stuck).
  1036 | D:1      | 1036 ||| Stepping randomly (stuck).
  1037 | D:1      | 1037 ||| Stepping randomly (stuck).
  1038 | D:1      | 1038 ||| Stepping randomly (stuck).
  1039 | D:1      | 1039 ||| Stepping randomly (stuck).
  1040 | D:1      | 1040 ||| Stepping randomly (stuck).
  1041 | D:1      | 1041 ||| Stepping randomly (stuck).
  1042 | D:1      | 1042 ||| Stepping randomly (stuck).
  1043 | D:1      | 1043 ||| Stepping randomly (stuck).
  1044 | D:1      | 1044 ||| Stepping randomly (stuck).
  1045 | D:1      | 1045 ||| Stepping randomly (stuck).
  1046 | D:1      | 1046 ||| Stepping randomly (stuck).
  1047 | D:1      | 1047 ||| Stepping randomly (stuck).
  1048 | D:1      | 1048 ||| Stepping randomly (stuck).
  1049 | D:1      | 1049 ||| Stepping randomly (stuck).
  1050 | D:1      | 1050 ||| Stepping randomly (stuck).
  1051 | D:1      | 1051 ||| Stepping randomly (stuck).
  1052 | D:1      | 1052 ||| Stepping randomly (stuck).
  1053 | D:1      | 1053 ||| Stepping randomly (stuck).
  1054 | D:1      | 1054 ||| Stepping randomly (stuck).
  1055 | D:1      | 1055 ||| Stepping randomly (stuck).
  1056 | D:1      | 1056 ||| Stepping randomly (stuck).
  1057 | D:1      | 1057 ||| Stepping randomly (stuck).
  1058 | D:1      | 1058 ||| Stepping randomly (stuck).
  1059 | D:1      | 1059 ||| Stepping randomly (stuck).
  1060 | D:1      | 1060 ||| Stepping randomly (stuck).
  1061 | D:1      | 1061 ||| Stepping randomly (stuck).
  1062 | D:1      | 1062 ||| Stepping randomly (stuck).
  1063 | D:1      | 1063 ||| Stepping randomly (stuck).
  1064 | D:1      | 1064 ||| Stepping randomly (stuck).
  1065 | D:1      | 1065 ||| Stepping randomly (stuck).
  1066 | D:1      | 1066 ||| Stepping randomly (stuck).
  1067 | D:1      | 1067 ||| Stepping randomly (stuck).
  1068 | D:1      | 1068 ||| Stepping randomly (stuck).
  1069 | D:1      | 1069 ||| Stepping randomly (stuck).
  1070 | D:1      | 1070 ||| Stepping randomly (stuck).
  1071 | D:1      | 1071 ||| Stepping randomly (stuck).
  1072 | D:1      | 1072 ||| Stepping randomly (stuck).
  1073 | D:1      | 1073 ||| Stepping randomly (stuck).
  1074 | D:1      | 1074 ||| Stepping randomly (stuck).
  1075 | D:1      | 1075 ||| Stepping randomly (stuck).
  1076 | D:1      | 1076 ||| Stepping randomly (stuck).
  1077 | D:1      | 1077 ||| Stepping randomly (stuck).
  1078 | D:1      | 1078 ||| Stepping randomly (stuck).
  1079 | D:1      | 1079 ||| Stepping randomly (stuck).
  1080 | D:1      | 1080 ||| Stepping randomly (stuck).
  1081 | D:1      | 1081 ||| Stepping randomly (stuck).
  1082 | D:1      | 1082 ||| Stepping randomly (stuck).
  1083 | D:1      | 1083 ||| Stepping randomly (stuck).
  1084 | D:1      | 1084 ||| Stepping randomly (stuck).
  1085 | D:1      | 1085 ||| Stepping randomly (stuck).
  1086 | D:1      | 1086 ||| Stepping randomly (stuck).
  1087 | D:1      | 1087 ||| Stepping randomly (stuck).
  1088 | D:1      | 1088 ||| Stepping randomly (stuck).
  1089 | D:1      | 1089 ||| Stepping randomly (stuck).
  1090 | D:1      | 1090 ||| Stepping randomly (stuck).
  1091 | D:1      | 1091 ||| Stepping randomly (stuck).
  1092 | D:1      | 1092 ||| Stepping randomly (stuck).
  1093 | D:1      | 1093 ||| Stepping randomly (stuck).
  1094 | D:1      | 1094 ||| Stepping randomly (stuck).
  1095 | D:1      | 1095 ||| Stepping randomly (stuck).
  1096 | D:1      | 1096 ||| Stepping randomly (stuck).
  1097 | D:1      | 1097 ||| Stepping randomly (stuck).
  1098 | D:1      | 1098 ||| Stepping randomly (stuck).
  1099 | D:1      | 1099 ||| Stepping randomly (stuck).
  1100 | D:1      | 1100 ||| Stepping randomly (stuck).
  1101 | D:1      | 1101 ||| Stepping randomly (stuck).
  1102 | D:1      | 1102 ||| Stepping randomly (stuck).
  1103 | D:1      | 1103 ||| Stepping randomly (stuck).
  1104 | D:1      | 1104 ||| Stepping randomly (stuck).
  1105 | D:1      | 1105 ||| Stepping randomly (stuck).
  1106 | D:1      | 1106 ||| Stepping randomly (stuck).
  1107 | D:1      | 1107 ||| Stepping randomly (stuck).
  1108 | D:1      | 1108 ||| Stepping randomly (stuck).
  1109 | D:1      | 1109 ||| Stepping randomly (stuck).
  1110 | D:1      | 1110 ||| Stepping randomly (stuck).
  1111 | D:1      | 1111 ||| Stepping randomly (stuck).
  1112 | D:1      | 1112 ||| Stepping randomly (stuck).
  1113 | D:1      | 1113 ||| Stepping randomly (stuck).
  1114 | D:1      | 1114 ||| Stepping randomly (stuck).
  1115 | D:1      | 1115 ||| Stepping randomly (stuck).
  1116 | D:1      | 1116 ||| Stepping randomly (stuck).
  1117 | D:1      | 1117 ||| Stepping randomly (stuck).
  1118 | D:1      | 1118 ||| Stepping randomly (stuck).
  1119 | D:1      | 1119 ||| Stepping randomly (stuck).
  1120 | D:1      | 1120 ||| Stepping randomly (stuck).
  1121 | D:1      | 1121 ||| Stepping randomly (stuck).
  1122 | D:1      | 1122 ||| Stepping randomly (stuck).
  1123 | D:1      | 1123 ||| Stepping randomly (stuck).
  1124 | D:1      | 1124 ||| Stepping randomly (stuck).
  1125 | D:1      | 1125 ||| Stepping randomly (stuck).
  1126 | D:1      | 1126 ||| Stepping randomly (stuck).
  1127 | D:1      | 1127 ||| Stepping randomly (stuck).
  1128 | D:1      | 1128 ||| Stepping randomly (stuck).
  1129 | D:1      | 1129 ||| Stepping randomly (stuck).
  1130 | D:1      | 1130 ||| Stepping randomly (stuck).
  1131 | D:1      | 1131 ||| Stepping randomly (stuck).
  1132 | D:1      | 1132 ||| Stepping randomly (stuck).
  1133 | D:1      | 1133 ||| Stepping randomly (stuck).
  1134 | D:1      | 1134 ||| Stepping randomly (stuck).
  1135 | D:1      | 1135 ||| Stepping randomly (stuck).
  1136 | D:1      | 1136 ||| Stepping randomly (stuck).
  1137 | D:1      | 1137 ||| Stepping randomly (stuck).
  1138 | D:1      | 1138 ||| Stepping randomly (stuck).
  1139 | D:1      | 1139 ||| Stepping randomly (stuck).
  1140 | D:1      | 1140 ||| Stepping randomly (stuck).
  1141 | D:1      | 1141 ||| Stepping randomly (stuck).
  1142 | D:1      | 1142 ||| Stepping randomly (stuck).
  1143 | D:1      | 1143 ||| Stepping randomly (stuck).
  1144 | D:1      | 1144 ||| Stepping randomly (stuck).
  1145 | D:1      | 1145 ||| Stepping randomly (stuck).
  1146 | D:1      | 1146 ||| Stepping randomly (stuck).
  1147 | D:1      | 1147 ||| Stepping randomly (stuck).
  1148 | D:1      | 1148 ||| Stepping randomly (stuck).
  1149 | D:1      | 1149 ||| Stepping randomly (stuck).
  1150 | D:1      | 1150 ||| Stepping randomly (stuck).
  1151 | D:1      | 1151 ||| Stepping randomly (stuck).
  1152 | D:1      | 1152 ||| Stepping randomly (stuck).
  1153 | D:1      | 1153 ||| Stepping randomly (stuck).
  1154 | D:1      | 1154 ||| Stepping randomly (stuck).
  1155 | D:1      | 1155 ||| Stepping randomly (stuck).
  1156 | D:1      | 1156 ||| Stepping randomly (stuck).
  1157 | D:1      | 1157 ||| Stepping randomly (stuck).
  1158 | D:1      | 1158 ||| Stepping randomly (stuck).
  1159 | D:1      | 1159 ||| Stepping randomly (stuck).
  1160 | D:1      | 1160 ||| Stepping randomly (stuck).
  1161 | D:1      | 1161 ||| Stepping randomly (stuck).
  1162 | D:1      | 1162 ||| Stepping randomly (stuck).
  1163 | D:1      | 1163 ||| Stepping randomly (stuck).
  1164 | D:1      | 1164 ||| Stepping randomly (stuck).
  1165 | D:1      | 1165 ||| Stepping randomly (stuck).
  1166 | D:1      | 1166 ||| Stepping randomly (stuck).
  1167 | D:1      | 1167 ||| Stepping randomly (stuck).
  1168 | D:1      | 1168 ||| Stepping randomly (stuck).
  1169 | D:1      | 1169 ||| Stepping randomly (stuck).
  1170 | D:1      | 1170 ||| Stepping randomly (stuck).
  1171 | D:1      | 1171 ||| Stepping randomly (stuck).
  1172 | D:1      | 1172 ||| Stepping randomly (stuck).
  1173 | D:1      | 1173 ||| Stepping randomly (stuck).
  1174 | D:1      | 1174 ||| Stepping randomly (stuck).
  1175 | D:1      | 1175 ||| Stepping randomly (stuck).
  1176 | D:1      | 1176 ||| Stepping randomly (stuck).
  1177 | D:1      | 1177 ||| Stepping randomly (stuck).
  1178 | D:1      | 1178 ||| Stepping randomly (stuck).
  1179 | D:1      | 1179 ||| Stepping randomly (stuck).
  1180 | D:1      | 1180 ||| Stepping randomly (stuck).
  1181 | D:1      | 1181 ||| Stepping randomly (stuck).
  1182 | D:1      | 1182 ||| Stepping randomly (stuck).
  1183 | D:1      | 1183 ||| Stepping randomly (stuck).
  1184 | D:1      | 1184 ||| Stepping randomly (stuck).
  1185 | D:1      | 1185 ||| Stepping randomly (stuck).
  1186 | D:1      | 1186 ||| Stepping randomly (stuck).
  1187 | D:1      | 1187 ||| Stepping randomly (stuck).
  1188 | D:1      | 1188 ||| Stepping randomly (stuck).
  1189 | D:1      | 1189 ||| Stepping randomly (stuck).
  1190 | D:1      | 1190 ||| Stepping randomly (stuck).
  1191 | D:1      | 1191 ||| Stepping randomly (stuck).
  1192 | D:1      | 1192 ||| Stepping randomly (stuck).
  1193 | D:1      | 1193 ||| Stepping randomly (stuck).
  1194 | D:1      | 1194 ||| Stepping randomly (stuck).
  1195 | D:1      | 1195 ||| Stepping randomly (stuck).
  1196 | D:1      | 1196 ||| Stepping randomly (stuck).
  1197 | D:1      | 1197 ||| Stepping randomly (stuck).
  1198 | D:1      | 1198 ||| Stepping randomly (stuck).
  1199 | D:1      | 1199 ||| Stepping randomly (stuck).
  1200 | D:1      | 1200 ||| Stepping randomly (stuck).
  1201 | D:1      | 1201 ||| Stepping randomly (stuck).
  1202 | D:1      | 1202 ||| Stepping randomly (stuck).
  1203 | D:1      | 1203 ||| Stepping randomly (stuck).
  1204 | D:1      | 1204 ||| Stepping randomly (stuck).
  1205 | D:1      | 1205 ||| Stepping randomly (stuck).
  1206 | D:1      | 1206 ||| Stepping randomly (stuck).
  1207 | D:1      | 1207 ||| Stepping randomly (stuck).
  1208 | D:1      | 1208 ||| Stepping randomly (stuck).
  1209 | D:1      | 1209 ||| Stepping randomly (stuck).
  1210 | D:1      | 1210 ||| Stepping randomly (stuck).
  1211 | D:1      | 1211 ||| Stepping randomly (stuck).
  1212 | D:1      | 1212 ||| Stepping randomly (stuck).
  1213 | D:1      | 1213 ||| Stepping randomly (stuck).
  1214 | D:1      | 1214 ||| Stepping randomly (stuck).
  1215 | D:1      | 1215 ||| Stepping randomly (stuck).
  1216 | D:1      | 1216 ||| Stepping randomly (stuck).
  1217 | D:1      | 1217 ||| Stepping randomly (stuck).
  1218 | D:1      | 1218 ||| Stepping randomly (stuck).
  1219 | D:1      | 1219 ||| Stepping randomly (stuck).
  1220 | D:1      | 1220 ||| Stepping randomly (stuck).
  1221 | D:1      | 1221 ||| Stepping randomly (stuck).
  1222 | D:1      | 1222 ||| Stepping randomly (stuck).
  1223 | D:1      | 1223 ||| Stepping randomly (stuck).
  1224 | D:1      | 1224 ||| Stepping randomly (stuck).
  1225 | D:1      | 1225 ||| Stepping randomly (stuck).
  1226 | D:1      | 1226 ||| Stepping randomly (stuck).
  1227 | D:1      | 1227 ||| Stepping randomly (stuck).
  1228 | D:1      | 1228 ||| Stepping randomly (stuck).
  1229 | D:1      | 1229 ||| Stepping randomly (stuck).
  1230 | D:1      | 1230 ||| Stepping randomly (stuck).
  1231 | D:1      | 1231 ||| Stepping randomly (stuck).
  1232 | D:1      | 1232 ||| Stepping randomly (stuck).
  1233 | D:1      | 1233 ||| Stepping randomly (stuck).
  1234 | D:1      | 1234 ||| Stepping randomly (stuck).
  1235 | D:1      | 1235 ||| Stepping randomly (stuck).
  1236 | D:1      | 1236 ||| Stepping randomly (stuck).
  1237 | D:1      | 1237 ||| Stepping randomly (stuck).
  1238 | D:1      | 1238 ||| Stepping randomly (stuck).
  1239 | D:1      | 1239 ||| Stepping randomly (stuck).
  1240 | D:1      | 1240 ||| Stepping randomly (stuck).
  1241 | D:1      | 1241 ||| Stepping randomly (stuck).
  1242 | D:1      | 1242 ||| Stepping randomly (stuck).
  1243 | D:1      | 1243 ||| Stepping randomly (stuck).
  1244 | D:1      | 1244 ||| Stepping randomly (stuck).
  1245 | D:1      | 1245 ||| Stepping randomly (stuck).
  1246 | D:1      | 1246 ||| Stepping randomly (stuck).
  1247 | D:1      | 1247 ||| Stepping randomly (stuck).
  1248 | D:1      | 1248 ||| Stepping randomly (stuck).
  1249 | D:1      | 1249 ||| Stepping randomly (stuck).
  1250 | D:1      | 1250 ||| Stepping randomly (stuck).
  1251 | D:1      | 1251 ||| Stepping randomly (stuck).
  1252 | D:1      | 1252 ||| Stepping randomly (stuck).
  1253 | D:1      | 1253 ||| Stepping randomly (stuck).
  1254 | D:1      | 1254 ||| Stepping randomly (stuck).
  1255 | D:1      | 1255 ||| Stepping randomly (stuck).
  1256 | D:1      | 1256 ||| Stepping randomly (stuck).
  1257 | D:1      | 1257 ||| Stepping randomly (stuck).
  1258 | D:1      | 1258 ||| Stepping randomly (stuck).
  1259 | D:1      | 1259 ||| Stepping randomly (stuck).
  1260 | D:1      | 1260 ||| Stepping randomly (stuck).
  1261 | D:1      | 1261 ||| Stepping randomly (stuck).
  1262 | D:1      | 1262 ||| Stepping randomly (stuck).
  1263 | D:1      | 1263 ||| Stepping randomly (stuck).
  1264 | D:1      | 1264 ||| Stepping randomly (stuck).
  1265 | D:1      | 1265 ||| Stepping randomly (stuck).
  1266 | D:1      | 1266 ||| Stepping randomly (stuck).
  1267 | D:1      | 1267 ||| Stepping randomly (stuck).
  1268 | D:1      | 1268 ||| Stepping randomly (stuck).
  1269 | D:1      | 1269 ||| Stepping randomly (stuck).
  1270 | D:1      | 1270 ||| Stepping randomly (stuck).
  1271 | D:1      | 1271 ||| Stepping randomly (stuck).
  1272 | D:1      | 1272 ||| Stepping randomly (stuck).
  1273 | D:1      | 1273 ||| Stepping randomly (stuck).
  1274 | D:1      | 1274 ||| Stepping randomly (stuck).
  1275 | D:1      | 1275 ||| Stepping randomly (stuck).
  1276 | D:1      | 1276 ||| Stepping randomly (stuck).
  1277 | D:1      | 1277 ||| Stepping randomly (stuck).
  1278 | D:1      | 1278 ||| Stepping randomly (stuck).
  1279 | D:1      | 1279 ||| Stepping randomly (stuck).
  1280 | D:1      | 1280 ||| Stepping randomly (stuck).
  1281 | D:1      | 1281 ||| Stepping randomly (stuck).
  1282 | D:1      | 1282 ||| Stepping randomly (stuck).
  1283 | D:1      | 1283 ||| Stepping randomly (stuck).
  1284 | D:1      | 1284 ||| Stepping randomly (stuck).
  1285 | D:1      | 1285 ||| Stepping randomly (stuck).
  1286 | D:1      | 1286 ||| Stepping randomly (stuck).
  1287 | D:1      | 1287 ||| Stepping randomly (stuck).
  1288 | D:1      | 1288 ||| Stepping randomly (stuck).
  1289 | D:1      | 1289 ||| Stepping randomly (stuck).
  1290 | D:1      | 1290 ||| Stepping randomly (stuck).
  1291 | D:1      | 1291 ||| Stepping randomly (stuck).
  1292 | D:1      | 1292 ||| Stepping randomly (stuck).
  1293 | D:1      | 1293 ||| Stepping randomly (stuck).
  1294 | D:1      | 1294 ||| Stepping randomly (stuck).
  1295 | D:1      | 1295 ||| Stepping randomly (stuck).
  1296 | D:1      | 1296 ||| Stepping randomly (stuck).
  1297 | D:1      | 1297 ||| Stepping randomly (stuck).
  1298 | D:1      | 1298 ||| Stepping randomly (stuck).
  1299 | D:1      | 1299 ||| Stepping randomly (stuck).
  1300 | D:1      | 1300 ||| Stepping randomly (stuck).
  1301 | D:1      | 1301 ||| Stepping randomly (stuck).
  1302 | D:1      | 1302 ||| Stepping randomly (stuck).
  1303 | D:1      | 1303 ||| Stepping randomly (stuck).
  1304 | D:1      | 1304 ||| Stepping randomly (stuck).
  1305 | D:1      | 1305 ||| Stepping randomly (stuck).
  1306 | D:1      | 1306 ||| Stepping randomly (stuck).
  1307 | D:1      | 1307 ||| Stepping randomly (stuck).
  1308 | D:1      | 1308 ||| Stepping randomly (stuck).
  1309 | D:1      | 1309 ||| Stepping randomly (stuck).
  1310 | D:1      | 1310 ||| Stepping randomly (stuck).
  1311 | D:1      | 1311 ||| Stepping randomly (stuck).
  1312 | D:1      | 1312 ||| Stepping randomly (stuck).
  1313 | D:1      | 1313 ||| Stepping randomly (stuck).
  1314 | D:1      | 1314 ||| Stepping randomly (stuck).
  1315 | D:1      | 1315 ||| Stepping randomly (stuck).
  1316 | D:1      | 1316 ||| Stepping randomly (stuck).
  1317 | D:1      | 1317 ||| Stepping randomly (stuck).
  1318 | D:1      | 1318 ||| Stepping randomly (stuck).
  1319 | D:1      | 1319 ||| Stepping randomly (stuck).
  1320 | D:1      | 1320 ||| Stepping randomly (stuck).
  1321 | D:1      | 1321 ||| Stepping randomly (stuck).
  1322 | D:1      | 1322 ||| Stepping randomly (stuck).
  1323 | D:1      | 1323 ||| Stepping randomly (stuck).
  1324 | D:1      | 1324 ||| Stepping randomly (stuck).
  1325 | D:1      | 1325 ||| Stepping randomly (stuck).
  1326 | D:1      | 1326 ||| Stepping randomly (stuck).
  1327 | D:1      | 1327 ||| Stepping randomly (stuck).
  1328 | D:1      | 1328 ||| Stepping randomly (stuck).
  1329 | D:1      | 1329 ||| Stepping randomly (stuck).
  1330 | D:1      | 1330 ||| Stepping randomly (stuck).
  1331 | D:1      | 1331 ||| Stepping randomly (stuck).
  1332 | D:1      | 1332 ||| Stepping randomly (stuck).
  1333 | D:1      | 1333 ||| Stepping randomly (stuck).
  1334 | D:1      | 1334 ||| Stepping randomly (stuck).
  1335 | D:1      | 1335 ||| Stepping randomly (stuck).
  1336 | D:1      | 1336 ||| Stepping randomly (stuck).
  1337 | D:1      | 1337 ||| Stepping randomly (stuck).
  1338 | D:1      | 1338 ||| Stepping randomly (stuck).
  1339 | D:1      | 1339 ||| Stepping randomly (stuck).
  1340 | D:1      | 1340 ||| Stepping randomly (stuck).
  1341 | D:1      | 1341 ||| Stepping randomly (stuck).
  1342 | D:1      | 1342 ||| Stepping randomly (stuck).
  1343 | D:1      | 1343 ||| Stepping randomly (stuck).
  1344 | D:1      | 1344 ||| Stepping randomly (stuck).
  1345 | D:1      | 1345 ||| Stepping randomly (stuck).
  1346 | D:1      | 1346 ||| Stepping randomly (stuck).
  1347 | D:1      | 1347 ||| Stepping randomly (stuck).
  1348 | D:1      | 1348 ||| Stepping randomly (stuck).
  1349 | D:1      | 1349 ||| Stepping randomly (stuck).
  1350 | D:1      | 1350 ||| Stepping randomly (stuck).
  1351 | D:1      | 1351 ||| Stepping randomly (stuck).
  1352 | D:1      | 1352 ||| Stepping randomly (stuck).
  1353 | D:1      | 1353 ||| Stepping randomly (stuck).
  1354 | D:1      | 1354 ||| Stepping randomly (stuck).
  1355 | D:1      | 1355 ||| Stepping randomly (stuck).
  1356 | D:1      | 1356 ||| Stepping randomly (stuck).
  1357 | D:1      | 1357 ||| Stepping randomly (stuck).
  1358 | D:1      | 1358 ||| Stepping randomly (stuck).
  1359 | D:1      | 1359 ||| Stepping randomly (stuck).
  1360 | D:1      | 1360 ||| Stepping randomly (stuck).
  1361 | D:1      | 1361 ||| Stepping randomly (stuck).
  1362 | D:1      | 1362 ||| Stepping randomly (stuck).
  1363 | D:1      | 1363 ||| Stepping randomly (stuck).
  1364 | D:1      | 1364 ||| Stepping randomly (stuck).
  1365 | D:1      | 1365 ||| Stepping randomly (stuck).
  1366 | D:1      | 1366 ||| Stepping randomly (stuck).
  1367 | D:1      | 1367 ||| Stepping randomly (stuck).
  1368 | D:1      | 1368 ||| Stepping randomly (stuck).
  1369 | D:1      | 1369 ||| Stepping randomly (stuck).
  1370 | D:1      | 1370 ||| Stepping randomly (stuck).
  1371 | D:1      | 1371 ||| Stepping randomly (stuck).
  1372 | D:1      | 1372 ||| Stepping randomly (stuck).
  1373 | D:1      | 1373 ||| Stepping randomly (stuck).
  1374 | D:1      | 1374 ||| Stepping randomly (stuck).
  1375 | D:1      | 1375 ||| Stepping randomly (stuck).
  1376 | D:1      | 1376 ||| Stepping randomly (stuck).
  1377 | D:1      | 1377 ||| Stepping randomly (stuck).
  1378 | D:1      | 1378 ||| Stepping randomly (stuck).
  1379 | D:1      | 1379 ||| Stepping randomly (stuck).
  1380 | D:1      | 1380 ||| Stepping randomly (stuck).
  1381 | D:1      | 1381 ||| Stepping randomly (stuck).
  1382 | D:1      | 1382 ||| Stepping randomly (stuck).
  1383 | D:1      | 1383 ||| Stepping randomly (stuck).
  1384 | D:1      | 1384 ||| Stepping randomly (stuck).
  1385 | D:1      | 1385 ||| Stepping randomly (stuck).
  1386 | D:1      | 1386 ||| Stepping randomly (stuck).
  1387 | D:1      | 1387 ||| Stepping randomly (stuck).
  1388 | D:1      | 1388 ||| Stepping randomly (stuck).
  1389 | D:1      | 1389 ||| Stepping randomly (stuck).
  1390 | D:1      | 1390 ||| Stepping randomly (stuck).
  1391 | D:1      | 1391 ||| Stepping randomly (stuck).
  1392 | D:1      | 1392 ||| Stepping randomly (stuck).
  1393 | D:1      | 1393 ||| Stepping randomly (stuck).
  1394 | D:1      | 1394 ||| Stepping randomly (stuck).
  1395 | D:1      | 1395 ||| Stepping randomly (stuck).
  1396 | D:1      | 1396 ||| Stepping randomly (stuck).
  1397 | D:1      | 1397 ||| Stepping randomly (stuck).
  1398 | D:1      | 1398 ||| Stepping randomly (stuck).
  1399 | D:1      | 1399 ||| Stepping randomly (stuck).
  1400 | D:1      | 1400 ||| Stepping randomly (stuck).
  1401 | D:1      | 1401 ||| Stepping randomly (stuck).
  1402 | D:1      | 1402 ||| Stepping randomly (stuck).
  1403 | D:1      | 1403 ||| Stepping randomly (stuck).
  1404 | D:1      | 1404 ||| Stepping randomly (stuck).
  1405 | D:1      | 1405 ||| Stepping randomly (stuck).
  1406 | D:1      | 1406 ||| Stepping randomly (stuck).
  1407 | D:1      | 1407 ||| Stepping randomly (stuck).
  1408 | D:1      | 1408 ||| Stepping randomly (stuck).
  1409 | D:1      | 1409 ||| Stepping randomly (stuck).
  1410 | D:1      | 1410 ||| Stepping randomly (stuck).
  1411 | D:1      | 1411 ||| Stepping randomly (stuck).
  1412 | D:1      | 1412 ||| Stepping randomly (stuck).
  1413 | D:1      | 1413 ||| Stepping randomly (stuck).
  1414 | D:1      | 1414 ||| Stepping randomly (stuck).
  1415 | D:1      | 1415 ||| Stepping randomly (stuck).
  1416 | D:1      | 1416 ||| Stepping randomly (stuck).
  1417 | D:1      | 1417 ||| Stepping randomly (stuck).
  1418 | D:1      | 1418 ||| Stepping randomly (stuck).
  1419 | D:1      | 1419 ||| Stepping randomly (stuck).
  1420 | D:1      | 1420 ||| Stepping randomly (stuck).
  1421 | D:1      | 1421 ||| Stepping randomly (stuck).
  1422 | D:1      | 1422 ||| Stepping randomly (stuck).
  1423 | D:1      | 1423 ||| Stepping randomly (stuck).
  1424 | D:1      | 1424 ||| Stepping randomly (stuck).
  1425 | D:1      | 1425 ||| Stepping randomly (stuck).
  1426 | D:1      | 1426 ||| Stepping randomly (stuck).
  1427 | D:1      | 1427 ||| Stepping randomly (stuck).
  1428 | D:1      | 1428 ||| Stepping randomly (stuck).
  1429 | D:1      | 1429 ||| Stepping randomly (stuck).
  1430 | D:1      | 1430 ||| Stepping randomly (stuck).
  1431 | D:1      | 1431 ||| Stepping randomly (stuck).
  1432 | D:1      | 1432 ||| Stepping randomly (stuck).
  1433 | D:1      | 1433 ||| Stepping randomly (stuck).
  1434 | D:1      | 1434 ||| Stepping randomly (stuck).
  1435 | D:1      | 1435 ||| Stepping randomly (stuck).
  1436 | D:1      | 1436 ||| Stepping randomly (stuck).
  1437 | D:1      | 1437 ||| Stepping randomly (stuck).
  1438 | D:1      | 1438 ||| Stepping randomly (stuck).
  1439 | D:1      | 1439 ||| Stepping randomly (stuck).
  1440 | D:1      | 1440 ||| Stepping randomly (stuck).
  1441 | D:1      | 1441 ||| Stepping randomly (stuck).
  1442 | D:1      | 1442 ||| Stepping randomly (stuck).
  1443 | D:1      | 1443 ||| Stepping randomly (stuck).
  1444 | D:1      | 1444 ||| Stepping randomly (stuck).
  1445 | D:1      | 1445 ||| Stepping randomly (stuck).
  1446 | D:1      | 1446 ||| Stepping randomly (stuck).
  1447 | D:1      | 1447 ||| Stepping randomly (stuck).
  1448 | D:1      | 1448 ||| Stepping randomly (stuck).
  1449 | D:1      | 1449 ||| Stepping randomly (stuck).
  1450 | D:1      | 1450 ||| Stepping randomly (stuck).
  1451 | D:1      | 1451 ||| Stepping randomly (stuck).
  1452 | D:1      | 1452 ||| Stepping randomly (stuck).
  1453 | D:1      | 1453 ||| Stepping randomly (stuck).
  1454 | D:1      | 1454 ||| Stepping randomly (stuck).
  1455 | D:1      | 1455 ||| Stepping randomly (stuck).
  1456 | D:1      | 1456 ||| Stepping randomly (stuck).
  1457 | D:1      | 1457 ||| Stepping randomly (stuck).
  1458 | D:1      | 1458 ||| Stepping randomly (stuck).
  1459 | D:1      | 1459 ||| Stepping randomly (stuck).
  1460 | D:1      | 1460 ||| Stepping randomly (stuck).
  1461 | D:1      | 1461 ||| Stepping randomly (stuck).
  1462 | D:1      | 1462 ||| Stepping randomly (stuck).
  1463 | D:1      | 1463 ||| Stepping randomly (stuck).
  1464 | D:1      | 1464 ||| Stepping randomly (stuck).
  1465 | D:1      | 1465 ||| Stepping randomly (stuck).
  1466 | D:1      | 1466 ||| Stepping randomly (stuck).
  1467 | D:1      | 1467 ||| Stepping randomly (stuck).
  1468 | D:1      | 1468 ||| Stepping randomly (stuck).
  1469 | D:1      | 1469 ||| Stepping randomly (stuck).
  1470 | D:1      | 1470 ||| Stepping randomly (stuck).
  1471 | D:1      | 1471 ||| Stepping randomly (stuck).
  1472 | D:1      | 1472 ||| Stepping randomly (stuck).
  1473 | D:1      | 1473 ||| Stepping randomly (stuck).
  1474 | D:1      | 1474 ||| Stepping randomly (stuck).
  1475 | D:1      | 1475 ||| Stepping randomly (stuck).
  1476 | D:1      | 1476 ||| Stepping randomly (stuck).
  1477 | D:1      | 1477 ||| Stepping randomly (stuck).
  1478 | D:1      | 1478 ||| Stepping randomly (stuck).
  1479 | D:1      | 1479 ||| Stepping randomly (stuck).
  1480 | D:1      | 1480 ||| Stepping randomly (stuck).
  1481 | D:1      | 1481 ||| Stepping randomly (stuck).
  1482 | D:1      | 1482 ||| Stepping randomly (stuck).
  1483 | D:1      | 1483 ||| Stepping randomly (stuck).
  1484 | D:1      | 1484 ||| Stepping randomly (stuck).
  1485 | D:1      | 1485 ||| Stepping randomly (stuck).
  1486 | D:1      | 1486 ||| Stepping randomly (stuck).
  1487 | D:1      | 1487 ||| Stepping randomly (stuck).
  1488 | D:1      | 1488 ||| Stepping randomly (stuck).
  1489 | D:1      | 1489 ||| Stepping randomly (stuck).
  1490 | D:1      | 1490 ||| Stepping randomly (stuck).
  1491 | D:1      | 1491 ||| Stepping randomly (stuck).
  1492 | D:1      | 1492 ||| Stepping randomly (stuck).
  1493 | D:1      | 1493 ||| Stepping randomly (stuck).
  1494 | D:1      | 1494 ||| Stepping randomly (stuck).
  1495 | D:1      | 1495 ||| Stepping randomly (stuck).
  1496 | D:1      | 1496 ||| Stepping randomly (stuck).
  1497 | D:1      | 1497 ||| Stepping randomly (stuck).
  1498 | D:1      | 1498 ||| Stepping randomly (stuck).
  1499 | D:1      | 1499 ||| Stepping randomly (stuck).
  1500 | D:1      | 1500 ||| Stepping randomly (stuck).
  1501 | D:1      | 1501 ||| Stepping randomly (stuck).
  1502 | D:1      | 1502 ||| Stepping randomly (stuck).
  1503 | D:1      | 1503 ||| Stepping randomly (stuck).
  1504 | D:1      | 1504 ||| Stepping randomly (stuck).
  1505 | D:1      | 1505 ||| Stepping randomly (stuck).
  1506 | D:1      | 1506 ||| Stepping randomly (stuck).
  1507 | D:1      | 1507 ||| Stepping randomly (stuck).
  1508 | D:1      | 1508 ||| Stepping randomly (stuck).
  1509 | D:1      | 1509 ||| Stepping randomly (stuck).
  1510 | D:1      | 1510 ||| Stepping randomly (stuck).
  1511 | D:1      | 1511 ||| Stepping randomly (stuck).
  1512 | D:1      | 1512 ||| Stepping randomly (stuck).
  1513 | D:1      | 1513 ||| Stepping randomly (stuck).
  1514 | D:1      | 1514 ||| Stepping randomly (stuck).
  1515 | D:1      | 1515 ||| Stepping randomly (stuck).
  1516 | D:1      | 1516 ||| Stepping randomly (stuck).
  1517 | D:1      | 1517 ||| Stepping randomly (stuck).
  1518 | D:1      | 1518 ||| Stepping randomly (stuck).
  1519 | D:1      | 1519 ||| Stepping randomly (stuck).
  1520 | D:1      | 1520 ||| Stepping randomly (stuck).
  1521 | D:1      | 1521 ||| Stepping randomly (stuck).
  1522 | D:1      | 1522 ||| Stepping randomly (stuck).
  1523 | D:1      | 1523 ||| Stepping randomly (stuck).
  1524 | D:1      | 1524 ||| Stepping randomly (stuck).
  1525 | D:1      | 1525 ||| Stepping randomly (stuck).
  1526 | D:1      | 1526 ||| Stepping randomly (stuck).
  1527 | D:1      | 1527 ||| Stepping randomly (stuck).
  1528 | D:1      | 1528 ||| Stepping randomly (stuck).
  1529 | D:1      | 1529 ||| Stepping randomly (stuck).
  1530 | D:1      | 1530 ||| Stepping randomly (stuck).
  1531 | D:1      | 1531 ||| Stepping randomly (stuck).
  1532 | D:1      | 1532 ||| Stepping randomly (stuck).
  1533 | D:1      | 1533 ||| Stepping randomly (stuck).
  1534 | D:1      | 1534 ||| Stepping randomly (stuck).
  1535 | D:1      | 1535 ||| Stepping randomly (stuck).
  1536 | D:1      | 1536 ||| Stepping randomly (stuck).
  1537 | D:1      | 1537 ||| Stepping randomly (stuck).
  1538 | D:1      | 1538 ||| Stepping randomly (stuck).
  1539 | D:1      | 1539 ||| Stepping randomly (stuck).
  1540 | D:1      | 1540 ||| Stepping randomly (stuck).
  1541 | D:1      | 1541 ||| Stepping randomly (stuck).
  1542 | D:1      | 1542 ||| Stepping randomly (stuck).
  1543 | D:1      | 1543 ||| Stepping randomly (stuck).
  1544 | D:1      | 1544 ||| Stepping randomly (stuck).
  1545 | D:1      | 1545 ||| Stepping randomly (stuck).
  1546 | D:1      | 1546 ||| Stepping randomly (stuck).
  1547 | D:1      | 1547 ||| Stepping randomly (stuck).
  1548 | D:1      | 1548 ||| Stepping randomly (stuck).
  1549 | D:1      | 1549 ||| Stepping randomly (stuck).
  1550 | D:1      | 1550 ||| Stepping randomly (stuck).
  1551 | D:1      | 1551 ||| Stepping randomly (stuck).
  1552 | D:1      | 1552 ||| Stepping randomly (stuck).
  1553 | D:1      | 1553 ||| Stepping randomly (stuck).
  1554 | D:1      | 1554 ||| Stepping randomly (stuck).
  1555 | D:1      | 1555 ||| Stepping randomly (stuck).
  1556 | D:1      | 1556 ||| Stepping randomly (stuck).
  1557 | D:1      | 1557 ||| Stepping randomly (stuck).
  1558 | D:1      | 1558 ||| Stepping randomly (stuck).
  1559 | D:1      | 1559 ||| Stepping randomly (stuck).
  1560 | D:1      | 1560 ||| Stepping randomly (stuck).
  1561 | D:1      | 1561 ||| Stepping randomly (stuck).
  1562 | D:1      | 1562 ||| Stepping randomly (stuck).
  1563 | D:1      | 1563 ||| Stepping randomly (stuck).
  1564 | D:1      | 1564 ||| Stepping randomly (stuck).
  1565 | D:1      | 1565 ||| Stepping randomly (stuck).
  1566 | D:1      | 1566 ||| Stepping randomly (stuck).
  1567 | D:1      | 1567 ||| Stepping randomly (stuck).
  1568 | D:1      | 1568 ||| Stepping randomly (stuck).
  1569 | D:1      | 1569 ||| Stepping randomly (stuck).
  1570 | D:1      | 1570 ||| Stepping randomly (stuck).
  1571 | D:1      | 1571 ||| Stepping randomly (stuck).
  1572 | D:1      | 1572 ||| Stepping randomly (stuck).
  1573 | D:1      | 1573 ||| Stepping randomly (stuck).
  1574 | D:1      | 1574 ||| Stepping randomly (stuck).
  1575 | D:1      | 1575 ||| Stepping randomly (stuck).
  1576 | D:1      | 1576 ||| Stepping randomly (stuck).
  1577 | D:1      | 1577 ||| Stepping randomly (stuck).
  1578 | D:1      | 1578 ||| Stepping randomly (stuck).
  1579 | D:1      | 1579 ||| Stepping randomly (stuck).
  1580 | D:1      | 1580 ||| Stepping randomly (stuck).
  1581 | D:1      | 1581 ||| Stepping randomly (stuck).
  1582 | D:1      | 1582 ||| Stepping randomly (stuck).
  1583 | D:1      | 1583 ||| Stepping randomly (stuck).
  1584 | D:1      | 1584 ||| Stepping randomly (stuck).
  1585 | D:1      | 1585 ||| Stepping randomly (stuck).
  1586 | D:1      | 1586 ||| Stepping randomly (stuck).
  1587 | D:1      | 1587 ||| Stepping randomly (stuck).
  1588 | D:1      | 1588 ||| Stepping randomly (stuck).
  1589 | D:1      | 1589 ||| Stepping randomly (stuck).
  1590 | D:1      | 1590 ||| Stepping randomly (stuck).
  1591 | D:1      | 1591 ||| Stepping randomly (stuck).
  1592 | D:1      | 1592 ||| Stepping randomly (stuck).
  1593 | D:1      | 1593 ||| Stepping randomly (stuck).
  1594 | D:1      | 1594 ||| Stepping randomly (stuck).
  1595 | D:1      | 1595 ||| Stepping randomly (stuck).
  1596 | D:1      | 1596 ||| Stepping randomly (stuck).
  1597 | D:1      | 1597 ||| Stepping randomly (stuck).
  1598 | D:1      | 1598 ||| Stepping randomly (stuck).
  1599 | D:1      | 1599 ||| Stepping randomly (stuck).
  1600 | D:1      | 1600 ||| Stepping randomly (stuck).
  1601 | D:1      | 1601 ||| Stepping randomly (stuck).
  1602 | D:1      | 1602 ||| Stepping randomly (stuck).
  1603 | D:1      | 1603 ||| Stepping randomly (stuck).
  1604 | D:1      | 1604 ||| Stepping randomly (stuck).
  1605 | D:1      | 1605 ||| Stepping randomly (stuck).
  1606 | D:1      | 1606 ||| Stepping randomly (stuck).
  1607 | D:1      | 1607 ||| Stepping randomly (stuck).
  1608 | D:1      | 1608 ||| Stepping randomly (stuck).
  1609 | D:1      | 1609 ||| Stepping randomly (stuck).
  1610 | D:1      | 1610 ||| Stepping randomly (stuck).
  1611 | D:1      | 1611 ||| Stepping randomly (stuck).
  1612 | D:1      | 1612 ||| Stepping randomly (stuck).
  1613 | D:1      | 1613 ||| Stepping randomly (stuck).
  1614 | D:1      | 1614 ||| Stepping randomly (stuck).
  1615 | D:1      | 1615 ||| Stepping randomly (stuck).
  1616 | D:1      | 1616 ||| Stepping randomly (stuck).
  1617 | D:1      | 1617 ||| Stepping randomly (stuck).
  1618 | D:1      | 1618 ||| Stepping randomly (stuck).
  1619 | D:1      | 1619 ||| Stepping randomly (stuck).
  1620 | D:1      | 1620 ||| Stepping randomly (stuck).
  1621 | D:1      | 1621 ||| Stepping randomly (stuck).
  1622 | D:1      | 1622 ||| Stepping randomly (stuck).
  1623 | D:1      | 1623 ||| Stepping randomly (stuck).
  1624 | D:1      | 1624 ||| Stepping randomly (stuck).
  1625 | D:1      | 1625 ||| Stepping randomly (stuck).
  1626 | D:1      | 1626 ||| Stepping randomly (stuck).
  1627 | D:1      | 1627 ||| Stepping randomly (stuck).
  1628 | D:1      | 1628 ||| Stepping randomly (stuck).
  1629 | D:1      | 1629 ||| Stepping randomly (stuck).
  1630 | D:1      | 1630 ||| Stepping randomly (stuck).
  1631 | D:1      | 1631 ||| Stepping randomly (stuck).
  1632 | D:1      | 1632 ||| Stepping randomly (stuck).
  1633 | D:1      | 1633 ||| Stepping randomly (stuck).
  1634 | D:1      | 1634 ||| Stepping randomly (stuck).
  1635 | D:1      | 1635 ||| Stepping randomly (stuck).
  1636 | D:1      | 1636 ||| Stepping randomly (stuck).
  1637 | D:1      | 1637 ||| Stepping randomly (stuck).
  1638 | D:1      | 1638 ||| Stepping randomly (stuck).
  1639 | D:1      | 1639 ||| Stepping randomly (stuck).
  1640 | D:1      | 1640 ||| Stepping randomly (stuck).
  1641 | D:1      | 1641 ||| Stepping randomly (stuck).
  1642 | D:1      | 1642 ||| Stepping randomly (stuck).
  1643 | D:1      | 1643 ||| Stepping randomly (stuck).
  1644 | D:1      | 1644 ||| Stepping randomly (stuck).
  1645 | D:1      | 1645 ||| Stepping randomly (stuck).
  1646 | D:1      | 1646 ||| Stepping randomly (stuck).
  1647 | D:1      | 1647 ||| Stepping randomly (stuck).
  1648 | D:1      | 1648 ||| Stepping randomly (stuck).
  1649 | D:1      | 1649 ||| Stepping randomly (stuck).
  1650 | D:1      | 1650 ||| Stepping randomly (stuck).
  1651 | D:1      | 1651 ||| Stepping randomly (stuck).
  1652 | D:1      | 1652 ||| Stepping randomly (stuck).
  1653 | D:1      | 1653 ||| Stepping randomly (stuck).
  1654 | D:1      | 1654 ||| Stepping randomly (stuck).
  1655 | D:1      | 1655 ||| Stepping randomly (stuck).
  1656 | D:1      | 1656 ||| Stepping randomly (stuck).
  1657 | D:1      | 1657 ||| Stepping randomly (stuck).
  1658 | D:1      | 1658 ||| Stepping randomly (stuck).
  1659 | D:1      | 1659 ||| Stepping randomly (stuck).
  1660 | D:1      | 1660 ||| Stepping randomly (stuck).
  1661 | D:1      | 1661 ||| Stepping randomly (stuck).
  1662 | D:1      | 1662 ||| Stepping randomly (stuck).
  1663 | D:1      | 1663 ||| Stepping randomly (stuck).
  1664 | D:1      | 1664 ||| Stepping randomly (stuck).
  1665 | D:1      | 1665 ||| Stepping randomly (stuck).
  1666 | D:1      | 1666 ||| Stepping randomly (stuck).
  1667 | D:1      | 1667 ||| Stepping randomly (stuck).
  1668 | D:1      | 1668 ||| Stepping randomly (stuck).
  1669 | D:1      | 1669 ||| Stepping randomly (stuck).
  1670 | D:1      | 1670 ||| Stepping randomly (stuck).
  1671 | D:1      | 1671 ||| Stepping randomly (stuck).
  1672 | D:1      | 1672 ||| Stepping randomly (stuck).
  1673 | D:1      | 1673 ||| Stepping randomly (stuck).
  1674 | D:1      | 1674 ||| Stepping randomly (stuck).
  1675 | D:1      | 1675 ||| Stepping randomly (stuck).
  1676 | D:1      | 1676 ||| Stepping randomly (stuck).
  1677 | D:1      | 1677 ||| Stepping randomly (stuck).
  1678 | D:1      | 1678 ||| Stepping randomly (stuck).
  1679 | D:1      | 1679 ||| Stepping randomly (stuck).
  1680 | D:1      | 1680 ||| Stepping randomly (stuck).
  1681 | D:1      | 1681 ||| Stepping randomly (stuck).
  1682 | D:1      | 1682 ||| Stepping randomly (stuck).
  1683 | D:1      | 1683 ||| Stepping randomly (stuck).
  1684 | D:1      | 1684 ||| Stepping randomly (stuck).
  1685 | D:1      | 1685 ||| Stepping randomly (stuck).
  1686 | D:1      | 1686 ||| Stepping randomly (stuck).
  1687 | D:1      | 1687 ||| Stepping randomly (stuck).
  1688 | D:1      | 1688 ||| Stepping randomly (stuck).
  1689 | D:1      | 1689 ||| Stepping randomly (stuck).
  1690 | D:1      | 1690 ||| Stepping randomly (stuck).
  1691 | D:1      | 1691 ||| Stepping randomly (stuck).
  1692 | D:1      | 1692 ||| Stepping randomly (stuck).
  1693 | D:1      | 1693 ||| Stepping randomly (stuck).
  1694 | D:1      | 1694 ||| Stepping randomly (stuck).
  1695 | D:1      | 1695 ||| Stepping randomly (stuck).
  1696 | D:1      | 1696 ||| Stepping randomly (stuck).
  1697 | D:1      | 1697 ||| Stepping randomly (stuck).
  1698 | D:1      | 1698 ||| Stepping randomly (stuck).
  1699 | D:1      | 1699 ||| Stepping randomly (stuck).
  1700 | D:1      | 1700 ||| Stepping randomly (stuck).
  1701 | D:1      | 1701 ||| Stepping randomly (stuck).
  1702 | D:1      | 1702 ||| Stepping randomly (stuck).
  1703 | D:1      | 1703 ||| Stepping randomly (stuck).
  1704 | D:1      | 1704 ||| Stepping randomly (stuck).
  1705 | D:1      | 1705 ||| Stepping randomly (stuck).
  1706 | D:1      | 1706 ||| Stepping randomly (stuck).
  1707 | D:1      | 1707 ||| Stepping randomly (stuck).
  1708 | D:1      | 1708 ||| Stepping randomly (stuck).
  1709 | D:1      | 1709 ||| Stepping randomly (stuck).
  1710 | D:1      | 1710 ||| Stepping randomly (stuck).
  1711 | D:1      | 1711 ||| Stepping randomly (stuck).
  1712 | D:1      | 1712 ||| Stepping randomly (stuck).
  1713 | D:1      | 1713 ||| Stepping randomly (stuck).
  1714 | D:1      | 1714 ||| Stepping randomly (stuck).
  1715 | D:1      | 1715 ||| Stepping randomly (stuck).
  1716 | D:1      | 1716 ||| Stepping randomly (stuck).
  1717 | D:1      | 1717 ||| Stepping randomly (stuck).
  1718 | D:1      | 1718 ||| Stepping randomly (stuck).
  1719 | D:1      | 1719 ||| Stepping randomly (stuck).
  1720 | D:1      | 1720 ||| Stepping randomly (stuck).
  1721 | D:1      | 1721 ||| Stepping randomly (stuck).
  1722 | D:1      | 1722 ||| Stepping randomly (stuck).
  1723 | D:1      | 1723 ||| Stepping randomly (stuck).
  1724 | D:1      | 1724 ||| Stepping randomly (stuck).
  1725 | D:1      | 1725 ||| Stepping randomly (stuck).
  1726 | D:1      | 1726 ||| Stepping randomly (stuck).
  1727 | D:1      | 1727 ||| Stepping randomly (stuck).
  1728 | D:1      | 1728 ||| Stepping randomly (stuck).
  1729 | D:1      | 1729 ||| Stepping randomly (stuck).
  1730 | D:1      | 1730 ||| Stepping randomly (stuck).
  1731 | D:1      | 1731 ||| Stepping randomly (stuck).
  1732 | D:1      | 1732 ||| Stepping randomly (stuck).
  1733 | D:1      | 1733 ||| Stepping randomly (stuck).
  1734 | D:1      | 1734 ||| Stepping randomly (stuck).
  1735 | D:1      | 1735 ||| Stepping randomly (stuck).
  1736 | D:1      | 1736 ||| Stepping randomly (stuck).
  1737 | D:1      | 1737 ||| Stepping randomly (stuck).
  1738 | D:1      | 1738 ||| Stepping randomly (stuck).
  1739 | D:1      | 1739 ||| Stepping randomly (stuck).
  1740 | D:1      | 1740 ||| Stepping randomly (stuck).
  1741 | D:1      | 1741 ||| Stepping randomly (stuck).
  1742 | D:1      | 1742 ||| Stepping randomly (stuck).
  1743 | D:1      | 1743 ||| Stepping randomly (stuck).
  1744 | D:1      | 1744 ||| Stepping randomly (stuck).
  1745 | D:1      | 1745 ||| Stepping randomly (stuck).
  1746 | D:1      | 1746 ||| Stepping randomly (stuck).
  1747 | D:1      | 1747 ||| Stepping randomly (stuck).
  1748 | D:1      | 1748 ||| Stepping randomly (stuck).
  1749 | D:1      | 1749 ||| Stepping randomly (stuck).
  1750 | D:1      | 1750 ||| Stepping randomly (stuck).
  1751 | D:1      | 1751 ||| Stepping randomly (stuck).
  1752 | D:1      | 1752 ||| Stepping randomly (stuck).
  1753 | D:1      | 1753 ||| Stepping randomly (stuck).
  1754 | D:1      | 1754 ||| Stepping randomly (stuck).
  1755 | D:1      | 1755 ||| Stepping randomly (stuck).
  1756 | D:1      | 1756 ||| Stepping randomly (stuck).
  1757 | D:1      | 1757 ||| Stepping randomly (stuck).
  1758 | D:1      | 1758 ||| Stepping randomly (stuck).
  1759 | D:1      | 1759 ||| Stepping randomly (stuck).
  1760 | D:1      | 1760 ||| Stepping randomly (stuck).
  1761 | D:1      | 1761 ||| Stepping randomly (stuck).
  1762 | D:1      | 1762 ||| Stepping randomly (stuck).
  1763 | D:1      | 1763 ||| Stepping randomly (stuck).
  1764 | D:1      | 1764 ||| Stepping randomly (stuck).
  1765 | D:1      | 1765 ||| Stepping randomly (stuck).
  1766 | D:1      | 1766 ||| Stepping randomly (stuck).
  1767 | D:1      | 1767 ||| Stepping randomly (stuck).
  1768 | D:1      | 1768 ||| Stepping randomly (stuck).
  1769 | D:1      | 1769 ||| Stepping randomly (stuck).
  1770 | D:1      | 1770 ||| Stepping randomly (stuck).
  1771 | D:1      | 1771 ||| Stepping randomly (stuck).
  1772 | D:1      | 1772 ||| Stepping randomly (stuck).
  1773 | D:1      | 1773 ||| Stepping randomly (stuck).
  1774 | D:1      | 1774 ||| Stepping randomly (stuck).
  1775 | D:1      | 1775 ||| Stepping randomly (stuck).
  1776 | D:1      | 1776 ||| Stepping randomly (stuck).
  1777 | D:1      | 1777 ||| Stepping randomly (stuck).
  1778 | D:1      | 1778 ||| Stepping randomly (stuck).
  1779 | D:1      | 1779 ||| Stepping randomly (stuck).
  1780 | D:1      | 1780 ||| Stepping randomly (stuck).
  1781 | D:1      | 1781 ||| Stepping randomly (stuck).
  1782 | D:1      | 1782 ||| Stepping randomly (stuck).
  1783 | D:1      | 1783 ||| Stepping randomly (stuck).
  1784 | D:1      | 1784 ||| Stepping randomly (stuck).
  1785 | D:1      | 1785 ||| Stepping randomly (stuck).
  1786 | D:1      | 1786 ||| Stepping randomly (stuck).
  1787 | D:1      | 1787 ||| Stepping randomly (stuck).
  1788 | D:1      | 1788 ||| Stepping randomly (stuck).
  1789 | D:1      | 1789 ||| Stepping randomly (stuck).
  1790 | D:1      | 1790 ||| Stepping randomly (stuck).
  1791 | D:1      | 1791 ||| Stepping randomly (stuck).
  1791 | D:1      | 1791 ||| PLANNING D:1-11
  1855 | D:2      | Reached XP level 3. HP: 21/21 MP: 3/3
  1863 | D:2      | 1863 ||| PLANNING D:1-11
  2352 | D:2      | Reached skill level 3 in Fighting
  2358 | D:2      | Reached XP level 4. HP: 28/28 MP: 4/4
  2618 | D:2      | 2618 ||| UPGRADING to +1 leather armour of cold resistance.
  2628 | D:2      | 2628 ||| DROPPING +0 leather armour.
  2629 | D:2      | 2629 ||| UPGRADING to amulet of faith.
  2800 | D:3      | Found Koazun's Distillery.
  2808 | D:3      | 2808 ||| BUYING potion of curing (36 gold).
  2808 | D:3      | Bought a potion of curing for 36 gold pieces
  2808 | D:3      | 2808 ||| BUYING potion of enlightenment (60 gold).
  2808 | D:3      | Bought a potion of enlightenment for 60 gold pieces
  2815 | D:3      | Noticed a scorpion
  2823 | D:3      | Killed a scorpion
  2824 | D:3      | Reached skill level 6 in Ranged Weapons
  2824 | D:3      | Reached XP level 5. HP: 32/32 MP: 5/5
  2936 | D:3      | Reached skill level 1 in Armour
  3158 | D:3      | 3158 ||| UPGRADING to +2 pair of gloves.
  3163 | D:3      | 3163 ||| READING 2 scrolls of identify.
  3163 | D:3      | 3163 ||| IDENTIFYING sedimented ruby potion
  3164 | D:3      | 3164 ||| DROPPING potion of magic.
  3265 | D:4      | Noticed a phantom
  3289 | D:4      | HP: 7/32 [phantom (3)]
  3290 | D:4      | Killed a phantom
  3291 | D:4      | Reached XP level 6. HP: 9/39 MP: 6/6
  3471 | D:4      | Found a glowing golden altar of the Shining One.
  3608 | D:4      | 3608 ||| Stepping ~*~*~tactically~*~*~ (retreating).
  3988 | D:4      | HP: 2/39 [ogre/+0 giant club (11)]
  3990 | D:4      | Reached XP level 7. HP: 3/44 MP: 7/7
  4406 | D:4      | 4406 ||| READING scroll labelled SEXKUWEUBO.
  4407 | D:4      | 4407 ||| READING scroll labelled VUC YCLAFAUF.
  4408 | D:4      | 4408 ||| READING scroll labelled GADOCE XYIL.
  4409 | D:4      | 4409 ||| DRINKING 2 red potions.
  4449 | D:4      | 4449 ||| READING 6 scrolls of identify.
  4449 | D:4      | 4449 ||| IDENTIFYING viscous pink potion
  4450 | D:4      | 4450 ||| READING 5 scrolls of identify.
  4450 | D:4      | 4450 ||| IDENTIFYING fuming emerald potion
  4451 | D:4      | 4451 ||| READING 4 scrolls of identify.
  4451 | D:4      | 4451 ||| IDENTIFYING blue potion
  4452 | D:4      | 4452 ||| DROPPING potion of lignification.
  4453 | D:4      | 4453 ||| DROPPING potion of attraction.
  4486 | D:5      | Entered Level 5 of the Dungeon
  4658 | D:5      | Found a transporter.
  4663 | D:5      | Noticed qw's ghost (novice MiHs)
  4929 | D:5      | Found an opulent altar of Gozag.
  5140 | D:5      | 5140 ||| READING 2 scrolls labelled GEKOITAAZO.
  5141 | D:5      | 5141 ||| READING scroll labelled ZUGUFA IGRUB.
  5146 | D:5      | 5146 ||| DROPPING scroll of revelation.
  5201 | D:6      | 5201 ||| Stepping ~*~*~tactically~*~*~ (outnumbered).
  5203 | D:6      | 5203 ||| Stepping ~*~*~tactically~*~*~ (outnumbered).
  5205 | D:6      | 5205 ||| Stepping ~*~*~tactically~*~*~ (outnumbered).
  5210 | D:6      | 5210 ||| Stepping ~*~*~tactically~*~*~ (outnumbered).
  5425 | D:6      | Found a staircase to the Ecumenical Temple.
  5426 | D:6      | 5426 ||| PLANNING TEMPLE
  5426 | D:6      | 5426 ||| UPGRADING to +1 pair of boots.
  5431 | D:6      | 5431 ||| READING 4 scrolls of identify.
  5431 | D:6      | 5431 ||| IDENTIFYING murky emerald potion
  5439 | D:6      | Noticed Sigmund
  5444 | D:6      | 5444 ||| DRINKING 2 potions of curing.
  5444 | D:6      | 5444 ||| (to cure confusion)
  5448 | D:6      | Reached XP level 8. HP: 45/49 MP: 8/8
  5452 | D:6      | 5452 ||| DRINKING potion of curing.
  5452 | D:6      | 5452 ||| (to cure confusion)
  5462 | D:6      | Killed Sigmund
  5463 | D:6      | Reached skill level 9 in Ranged Weapons
  5467 | Temple   | Entered the Ecumenical Temple
  5468 | Temple   | 5468 ||| PLANNING D:1-11
  5486 | D:6      | 5486 ||| READING scroll of enchant weapon.
  5486 | D:6      | 5486 ||| ENCHANTING +1 shortbow of freezing.
  5697 | D:6      | Noticed Pikel
  5699 | D:6      | 5699 ||| Stepping ~*~*~tactically~*~*~ (retreating).
  5717 | D:6      | 5717 ||| READING scroll of teleportation.
  5841 | D:6      | Reached skill level 6 in Fighting
  5971 | D:6      | 5971 ||| FLEEEEING.
  5972 | D:6      | 5972 ||| FLEEEEING.
  5973 | D:6      | 5973 ||| FLEEEEING.
  5974 | D:6      | 5974 ||| FLEEEEING.
  5976 | D:6      | 5976 ||| FLEEEEING.
  5977 | D:6      | 5977 ||| FLEEEEING.
  5978 | D:6      | 5978 ||| FLEEEEING.
  5979 | D:6      | 5979 ||| FLEEEEING.
  5980 | D:6      | 5980 ||| FLEEEEING.
  5981 | D:6      | 5981 ||| FLEEEEING.
  6025 | D:6      | Noticed a yak
  6026 | D:6      | Noticed a yak
  6030 | D:6      | Noticed a yak
  6031 | D:6      | Noticed a yak
  6036 | D:6      | Killed a yak
  6037 | D:6      | 6037 ||| DRINKING potion of curing.
  6037 | D:6      | 6037 ||| (to cure confusion)
  6045 | D:6      | Reached XP level 9. HP: 55/56 MP: 9/9
  6053 | D:6      | Reached skill level 3 in Dodging
  6435 | D:6      | 6435 ||| RETREATING.
  6438 | D:6      | 6438 ||| Stepping ~*~*~tactically~*~*~ (retreating).
  6440 | D:6      | 6440 ||| FLEEEEING.
  6441 | D:6      | 6441 ||| FLEEEEING.
  6442 | D:6      | 6442 ||| FLEEEEING.
  6443 | D:6      | 6443 ||| FLEEEEING.
  6444 | D:6      | 6444 ||| FLEEEEING.
  6445 | D:6      | 6445 ||| FLEEEEING.
  6446 | D:6      | 6446 ||| FLEEEEING.
  6447 | D:6      | 6447 ||| FLEEEEING.
  6448 | D:6      | 6448 ||| FLEEEEING.
  6449 | D:6      | 6449 ||| FLEEEEING.
  6450 | D:6      | 6450 ||| FLEEEEING.
  6451 | D:6      | 6451 ||| FLEEEEING.
  6452 | D:6      | 6452 ||| FLEEEEING.
  6453 | D:6      | 6453 ||| FLEEEEING.
  6454 | D:6      | 6454 ||| FLEEEEING.
  6455 | D:6      | 6455 ||| FLEEEEING.
  6456 | D:6      | 6456 ||| FLEEEEING.
  6457 | D:6      | 6457 ||| FLEEEEING.
  6458 | D:6      | 6458 ||| FLEEEEING.
  6462 | D:6      | Killed Pikel
  6552 | D:6      | 6552 ||| READING 2 scrolls labelled QAIWIN XISO.
  6553 | D:6      | 6553 ||| READING scroll labelled CECVAR EHAZYSE.
  6553 | D:6      | Identified a scroll of acquirement
  6553 | D:6      | 6553 ||| ACQUIRING +3 orcbow of freezing
  6553 | D:6      | Acquired a +3 orcbow of freezing
  6555 | D:6      | 6555 ||| SWAPPING to +3 orcbow of freezing.
  6556 | D:6      | 6556 ||| DROPPING +2 shortbow of freezing.
  6557 | D:6      | 6557 ||| READING 5 scrolls of identify.
  6557 | D:6      | 6557 ||| IDENTIFYING puce potion
  6558 | D:6      | 6558 ||| DROPPING scroll of summoning.
  6559 | D:6      | 6559 ||| DROPPING potion of berserk rage.
  6600 | D:6      | Reached skill level 3 in Armour
  6663 | D:7      | 6663 ||| Stepping ~*~*~tactically~*~*~ (outnumbered).
  6665 | D:7      | 6665 ||| Stepping ~*~*~tactically~*~*~ (outnumbered).
  6796 | D:7      | Found a blossoming altar of Fedhas.
  6798 | D:7      | Found an iron altar of Okawaru.
  6799 | D:7      | 6799 ||| PLANNING OKAWARU WORSHIP
  6802 | D:7      | Became a worshipper of Warmaster Okawaru
  6803 | D:7      | 6803 ||| PLANNING D:1-11
  6804 | D:7      | Found a snail-covered altar of Cheibriados.
  6805 | D:7      | Found a bloodstained altar of Trog.
  6805 | D:7      | Found a shadowy altar of Dithmenos.
  6805 | D:7      | Found a hide-covered altar of Uskayaw.
  6805 | D:7      | Found a broken altar of Ashenzari.
  6808 | D:7      | 6808 ||| READING scroll of brand weapon.
  6808 | D:7      | 6808 ||| BRANDING +3 orcbow of freezing.
  6809 | D:7      | Found a shimmering altar of Xom.
  6810 | D:7      | Found a sparkling altar of Nemelex Xobeh.
  6811 | D:7      | Found a shimmering blue altar of Sif Muna.
  6812 | D:7      | Found a burning altar of Makhleb.
  7023 | D:7      | 7023 ||| Stepping ~*~*~tactically~*~*~ (outnumbered).
  7025 | D:7      | 7025 ||| Stepping ~*~*~tactically~*~*~ (outnumbered).
  7027 | D:7      | 7027 ||| FLEEEEING.
  7028 | D:7      | 7028 ||| FLEEEEING.
  7029 | D:7      | 7029 ||| FLEEEEING.
  7035 | D:7      | 7035 ||| FLEEEEING.
  7036 | D:7      | 7036 ||| FLEEEEING.
  7037 | D:7      | 7037 ||| FLEEEEING.
  7042 | D:7      | 7042 ||| FLEEEEING.
  7043 | D:7      | 7043 ||| FLEEEEING.
  7163 | D:7      | Reached XP level 10. HP: 64/64 MP: 10/10
  7203 | D:7      | Found a runed translucent door.
  7204 | D:7      | Noticed Crazy Yiuf
  7257 | D:7      | 7257 ||| READING scroll labelled YSOALO ZYAMIQO.
  7351 | D:8      | Identified the +0 hat of Fallacy {Int+3 Dex-4 SInv}
  7407 | D:8      | Reached skill level 12 in Ranged Weapons
  7442 | D:8      | Reached * piety under Okawaru
  7497 | D:8      | 7497 ||| INVOKING Heroism.
  7516 | D:8      | Noticed Jeremiah
  7534 | D:8      | 7534 ||| DROPPING +0 hat of Fallacy {Int+3 Dex-4 SInv}.
  7537 | D:8      | Killed Jeremiah
  7605 | D:8      | Noticed Erica
  7606 | D:8      | 7606 ||| INVOKING Heroism.
  7618 | D:8      | Killed Erica
  8019 | D:8      | 8019 ||| READING scroll labelled GAQUXU DUNAPPE.
  8061 | D:8      | 8061 ||| READING scroll labelled GEYSTOMAES.
  8096 | D:9      | 8096 ||| INVOKING Heroism.
  8102 | D:9      | Reached skill level 3 in Invocations
  8135 | D:9      | Found Mecaddeu's Armour Emporium.
  8135 | D:9      | Noticed an animated shadow dragon scales
  8136 | D:9      | Noticed an animated storm dragon scales
  8143 | D:9      | 8143 ||| SHOPLISTING +1 helmet "Geox" {rC+} (305 gold, have
                  | 303).
  8143 | D:9      | 8143 ||| BUYING +2 helmet (214 gold).
  8143 | D:9      | Bought a +2 helmet for 214 gold pieces
  8143 | D:9      | 8143 ||| SHOPLISTING +3 ring mail of poison resistance (299
                  | gold, have 89).
  8156 | D:9      | 8156 ||| INVOKING Heroism.
  8264 | D:9      | 8264 ||| Stepping ~*~*~tactically~*~*~ (outnumbered).
  8418 | D:9      | Reached ** piety under Okawaru
  8455 | D:9      | Identified the +8 dagger of Eternal Harmony {protect,
                  | Int+2}
  8527 | D:9      | 8527 ||| READING scroll of enchant armour.
  8527 | D:9      | 8527 ||| ENCHANTING +1 helmet.
  8736 | D:9      | 8736 ||| DROPPING +2 helmet.
  8737 | D:9      | 8737 ||| READING 6 scrolls of identify.
  8737 | D:9      | 8737 ||| IDENTIFYING sedimented green potion
  8745 | D:10     | Entered Level 10 of the Dungeon
  8747 | D:10     | 8747 ||| STAIRDANCE
  8753 | D:10     | 8753 ||| STAIRDANCE
  8763 | D:10     | 8763 ||| Stepping ~*~*~tactically~*~*~ (outnumbered).
  8764 | D:10     | 8764 ||| Stepping ~*~*~tactically~*~*~ (outnumbered).
  8797 | D:10     | Noticed a gargoyle
  8800 | D:10     | 8800 ||| INVOKING Heroism.
  8807 | D:10     | Killed a gargoyle
  8810 | D:10     | Killed an unseen horror
  8811 | D:10     | Reached XP level 11. HP: 22/69 MP: 12/14
  8969 | D:10     | Reached *** piety under Okawaru
  9018 | D:10     | Noticed a green ugly thing
  9026 | D:10     | Killed a green ugly thing
  9027 | D:10     | Reached skill level 9 in Fighting
  9043 | D:10     | Found a staircase to the Lair.
  9087 | D:10     | 9087 ||| INVOKING Heroism.
  9447 | D:10     | Reached **** piety under Okawaru
  9501 | D:10     | Found a staircase to the Orcish Mines.
  9751 | D:10     | 9751 ||| PLANNING LAIR
  9770 | Lair:1   | Entered Level 1 of the Lair of Beasts
  9902 | Lair:1   | 9902 ||| READING scroll of enchant armour.
  9902 | Lair:1   | 9902 ||| ENCHANTING +1 pair of boots.
  9946 | Lair:1   | Found a runed translucent door.
  9949 | Lair:1   | Noticed qw's ghost (journeyman GrFi)
  9958 | Lair:1   | 9958 ||| INVOKING Heroism.
  9961 | Lair:1   | 9961 ||| RETREATING.
  9983 | Lair:1   | 9983 ||| INVOKING Heroism.
 10014 | Lair:1   | 10014 ||| INVOKING Heroism.
 10024 | Lair:1   | Reached skill level 6 in Invocations
 10032 | Lair:1   | Reached ***** piety under Okawaru
 10069 | Lair:1   | 10069 ||| INVOKING Heroism.
 10200 | Lair:1   | 10200 ||| INVOKING Heroism.
 10205 | Lair:1   | 10205 ||| Stepping ~*~*~tactically~*~*~ (retreating).
 10206 | Lair:1   | 10206 ||| Stepping ~*~*~tactically~*~*~ (retreating).
 10207 | Lair:1   | 10207 ||| Stepping ~*~*~tactically~*~*~ (retreating).
 10208 | Lair:1   | 10208 ||| Stepping ~*~*~tactically~*~*~ (retreating).
 10209 | Lair:1   | 10209 ||| Stepping ~*~*~tactically~*~*~ (retreating).
 10732 | Lair:1   | 10732 ||| READING scroll labelled TAYSCHI UHITT.
 10733 | Lair:1   | 10733 ||| READING 6 scrolls of identify.
 10733 | Lair:1   | 10733 ||| IDENTIFYING glowing white potion
 10734 | Lair:1   | 10734 ||| READING 5 scrolls of identify.
 10734 | Lair:1   | 10734 ||| IDENTIFYING dark potion
 10735 | Lair:1   | 10735 ||| DROPPING potion of invisibility.
 10787 | Lair:2   | 10787 ||| INVOKING Heroism.
 10796 | Lair:2   | Reached XP level 12. HP: 77/77 MP: 15/17
 10880 | Lair:2   | 10880 ||| Stepping ~*~*~tactically~*~*~ (outnumbered).
 10974 | Lair:2   | Found a staircase to the Shoals.
 11013 | Lair:2   | 11013 ||| RETREATING.
 11149 | Lair:2   | 11149 ||| RETREATING.
 11172 | Lair:2   | 11172 ||| Stepping ~*~*~tactically~*~*~ (retreating).
 11173 | Lair:2   | 11173 ||| Stepping ~*~*~tactically~*~*~ (retreating).
 11174 | Lair:2   | 11174 ||| Stepping ~*~*~tactically~*~*~ (retreating).
 11175 | Lair:2   | 11175 ||| Stepping ~*~*~tactically~*~*~ (retreating).
 11176 | Lair:2   | 11176 ||| Stepping ~*~*~tactically~*~*~ (retreating).
 11177 | Lair:2   | 11177 ||| Stepping ~*~*~tactically~*~*~ (retreating).
 11178 | Lair:2   | 11178 ||| Stepping ~*~*~tactically~*~*~ (retreating).
 11179 | Lair:2   | 11179 ||| Stepping ~*~*~tactically~*~*~ (retreating).
 11180 | Lair:2   | 11180 ||| Stepping ~*~*~tactically~*~*~ (retreating).
 11181 | Lair:2   | 11181 ||| Stepping ~*~*~tactically~*~*~ (retreating).
 11293 | Lair:2   | Received a gift from Okawaru
 11294 | Lair:2   | Reached skill level 15 in Ranged Weapons
 11296 | Lair:2   | 11296 ||| INVOKING Heroism.
 11297 | Lair:2   | 11297 ||| RETREATING.
 11303 | Lair:2   | 11303 ||| Stepping ~*~*~tactically~*~*~ (retreating).
 11306 | Lair:2   | Reached skill level 9 in Invocations
 11430 | Lair:2   | 11430 ||| RETREATING.
 11433 | Lair:2   | 11433 ||| Stepping ~*~*~tactically~*~*~ (retreating).
 11434 | Lair:2   | 11434 ||| Stepping ~*~*~tactically~*~*~ (retreating).
 11435 | Lair:2   | 11435 ||| Stepping ~*~*~tactically~*~*~ (retreating).
 11447 | Lair:2   | 11447 ||| INVOKING Heroism.
 11709 | Lair:2   | 11709 ||| READING 5 scrolls of identify.
 11709 | Lair:2   | 11709 ||| IDENTIFYING lumpy golden potion
 11710 | Lair:2   | 11710 ||| DROPPING potion of brilliance.
 11716 | Lair:3   | Noticed a catoblepas
 11717 | Lair:3   | 11717 ||| INVOKING Heroism.
 11718 | Lair:3   | 11718 ||| INVOKING Finesse.
 11726 | Lair:3   | 11726 ||| STAIRDANCE
 11766 | Lair:3   | 11766 ||| STAIRDANCE
 11780 | Lair:3   | 11780 ||| INVOKING Heroism.
 11781 | Lair:3   | 11781 ||| INVOKING Finesse.
 11786 | Lair:3   | Killed a catoblepas
 11828 | Lair:3   | 11828 ||| INVOKING Heroism.
 11880 | Lair:3   | Noticed an eight-headed hydra
 11881 | Lair:3   | 11881 ||| INVOKING Heroism.
 11890 | Lair:3   | Killed an eight-headed hydra
 11995 | Lair:3   | Noticed a five-headed hydra
 11996 | Lair:3   | 11996 ||| INVOKING Heroism.
 12002 | Lair:3   | Killed a five-headed hydra
 12044 | Lair:3   | 12044 ||| INVOKING Heroism.
 12151 | Lair:3   | Found a hole to the Spider Nest.
 12166 | Lair:3   | Noticed a skyshark
 12178 | Lair:3   | Killed a skyshark
 12307 | Lair:3   | 12307 ||| INVOKING Heroism.
 12538 | Lair:3   | Noticed Urug
 12539 | Lair:3   | 12539 ||| INVOKING Heroism.
 12544 | Lair:3   | Killed Urug
 12778 | Lair:3   | 12778 ||| UPGRADING to +4 ring of protection.
 12779 | Lair:3   | 12779 ||| UPGRADING to ring of see invisible.
 12872 | Lair:4   | 12872 ||| RETREATING.
 12879 | Lair:4   | Reached XP level 13. HP: 82/82 MP: 20/20
 12920 | Lair:4   | 12920 ||| Stepping ~*~*~tactically~*~*~ (retreating).
 12921 | Lair:4   | 12921 ||| Stepping ~*~*~tactically~*~*~ (retreating).
 12922 | Lair:4   | 12922 ||| Stepping ~*~*~tactically~*~*~ (retreating).
 12926 | Lair:4   | 12926 ||| RETREATING.
 13016 | Lair:4   | 13016 ||| INVOKING Heroism.
 13147 | Lair:4   | 13147 ||| RETREATING.
 13189 | Lair:4   | 13189 ||| INVOKING Heroism.
 13300 | Lair:4   | 13300 ||| RETREATING.
 13316 | Lair:4   | Reached skill level 6 in Dodging
 13319 | Lair:4   | 13319 ||| RETREATING.
 13321 | Lair:4   | 13321 ||| Stepping ~*~*~tactically~*~*~ (retreating).
 13355 | Lair:4   | Found a staircase to the Slime Pits.
 13425 | Lair:4   | 13425 ||| READING scroll of brand weapon.
 13425 | Lair:4   | 13425 ||| BRANDING +3 orcbow of electrocution.
 13527 | Lair:4   | 13527 ||| Stepping ~*~*~tactically~*~*~ (retreating).
 13528 | Lair:4   | 13528 ||| Stepping ~*~*~tactically~*~*~ (retreating).
 13529 | Lair:4   | 13529 ||| Stepping ~*~*~tactically~*~*~ (retreating).
 13776 | Lair:5   | Entered Level 5 of the Lair of Beasts
 13795 | Lair:5   | 13795 ||| INVOKING Heroism.
 13940 | Lair:5   | 13940 ||| INVOKING Heroism.
 13941 | Lair:5   | 13941 ||| INVOKING Finesse.
 13949 | Lair:5   | Reached skill level 12 in Fighting
 14004 | Lair:5   | 14004 ||| RETREATING.
 14013 | Lair:5   | 14013 ||| INVOKING Heroism.
 14015 | Lair:5   | 14015 ||| INVOKING Finesse.
 14068 | Lair:5   | Received a gift from Okawaru
 14090 | Lair:5   | 14090 ||| INVOKING Heroism.
 14184 | Lair:5   | 14184 ||| INVOKING Heroism.
 14228 | Lair:5   | 14228 ||| INVOKING Heroism.
 14264 | Lair:5   | 14264 ||| INVOKING Finesse.
 14366 | Lair:5   | 14366 ||| INVOKING Heroism.
 14417 | Lair:5   | 14417 ||| INVOKING Heroism.
 14425 | Lair:5   | Reached skill level 6 in Armour
 14443 | Lair:5   | 14443 ||| RETREATING.
 14445 | Lair:5   | Gained mutation: Your large and strong wings let you fly.
                  | [Gargoyle growth]
 14445 | Lair:5   | Reached XP level 14. HP: 94/94 MP: 21/21
 14465 | Lair:5   | 14465 ||| Stepping ~*~*~tactically~*~*~ (retreating).
 14474 | Lair:5   | 14474 ||| Stepping ~*~*~tactically~*~*~ (retreating).
 14475 | Lair:5   | 14475 ||| Stepping ~*~*~tactically~*~*~ (retreating).
 14476 | Lair:5   | 14476 ||| Stepping ~*~*~tactically~*~*~ (retreating).
 14478 | Lair:5   | 14478 ||| Stepping ~*~*~tactically~*~*~ (retreating).
 14557 | Lair:5   | 14557 ||| FLEEEEING.
 14558 | Lair:5   | 14558 ||| FLEEEEING.
 14559 | Lair:5   | 14559 ||| FLEEEEING.
 14561 | Lair:5   | 14561 ||| FLEEEEING.
 14562 | Lair:5   | 14562 ||| FLEEEEING.
 14563 | Lair:5   | 14563 ||| FLEEEEING.
 14569 | Lair:5   | 14569 ||| STAIRDANCE
 14610 | Lair:5   | Identified the +0 pair of gloves "Cymi Bio" {rF++ rCorr
                  | Str+2 Int+2}
 14639 | Lair:5   | 14639 ||| INVOKING Heroism.
 14743 | Lair:5   | 14743 ||| INVOKING Heroism.
 15100 | Lair:5   | Noticed a dire elephant
 15101 | Lair:5   | 15101 ||| INVOKING Heroism.
 15116 | Lair:5   | Killed a dire elephant
 15229 | Lair:5   | 15229 ||| FLEEEEING.
 15230 | Lair:5   | 15230 ||| FLEEEEING.
 15231 | Lair:5   | 15231 ||| FLEEEEING.
 15232 | Lair:5   | 15232 ||| INVOKING Heroism.
 15248 | Lair:5   | 15248 ||| INVOKING Finesse.
 15287 | Lair:5   | 15287 ||| FLEEEEING.
 15288 | Lair:5   | 15288 ||| RETREATING.
 15292 | Lair:5   | 15292 ||| FLEEEEING.
 15293 | Lair:5   | 15293 ||| FLEEEEING.
 15294 | Lair:5   | 15294 ||| FLEEEEING.
 15296 | Lair:5   | 15296 ||| FLEEEEING.
 15297 | Lair:5   | 15297 ||| FLEEEEING.
 15298 | Lair:5   | 15298 ||| FLEEEEING.
 15300 | Lair:5   | 15300 ||| RETREATING.
 15305 | Lair:5   | 15305 ||| INVOKING Heroism.
 15536 | Lair:5   | Found a burning altar of Makhleb.
 15539 | Lair:5   | 15539 ||| Stepping ~*~*~tactically~*~*~ (retreating).
 15540 | Lair:5   | 15540 ||| INVOKING Heroism.
 15541 | Lair:5   | 15541 ||| Stepping ~*~*~tactically~*~*~ (retreating).
 15678 | Lair:5   | Found a gateway to Hell.
 15685 | Lair:5   | Identified the +1 robe of the Original Sin {rF++ Int-3
                  | Slay+2 SInv}
 15792 | Lair:5   | 15792 ||| PLANNING D:1-11
 15792 | Lair:5   | 15792 ||| UPGRADING to +0 pair of gloves "Cymi Bio" {rF++
                  | rCorr Str+2 Int+2}.
 15802 | Lair:5   | 15802 ||| DRINKING 2 lumpy clear potions.
 15920 | D:11     | 15920 ||| Stepping ~*~*~tactically~*~*~ (outnumbered).
 15924 | D:11     | 15924 ||| Stepping ~*~*~tactically~*~*~ (outnumbered).
 15926 | D:11     | 15926 ||| Stepping ~*~*~tactically~*~*~ (outnumbered).
 15928 | D:11     | 15928 ||| Stepping ~*~*~tactically~*~*~ (outnumbered).
 15929 | D:11     | 15929 ||| Stepping ~*~*~tactically~*~*~ (outnumbered).
 15930 | D:11     | 15930 ||| Stepping ~*~*~tactically~*~*~ (outnumbered).
 15931 | D:11     | 15931 ||| Stepping ~*~*~tactically~*~*~ (outnumbered).
 15932 | D:11     | 15932 ||| Stepping ~*~*~tactically~*~*~ (outnumbered).
 15933 | D:11     | 15933 ||| Stepping ~*~*~tactically~*~*~ (outnumbered).
 15934 | D:11     | 15934 ||| Stepping ~*~*~tactically~*~*~ (outnumbered).
 15935 | D:11     | 15935 ||| Stepping ~*~*~tactically~*~*~ (outnumbered).
 15936 | D:11     | 15936 ||| Stepping ~*~*~tactically~*~*~ (outnumbered).
 15937 | D:11     | 15937 ||| Stepping ~*~*~tactically~*~*~ (outnumbered).
 15938 | D:11     | 15938 ||| Stepping ~*~*~tactically~*~*~ (outnumbered).
 15939 | D:11     | 15939 ||| Stepping ~*~*~tactically~*~*~ (outnumbered).
 15940 | D:11     | 15940 ||| Stepping ~*~*~tactically~*~*~ (outnumbered).
 16124 | D:11     | 16124 ||| RETREATING.
 16296 | D:11     | Noticed Lodul
 16297 | D:11     | 16297 ||| RETREATING.
 16301 | D:11     | Reached skill level 15 in Fighting
 16309 | D:11     | Killed Lodul
 16355 | D:11     | Noticed Sonja
 16356 | D:11     | 16356 ||| INVOKING Finesse.
 16361 | D:11     | Noticed Psyche
 16365 | D:11     | Killed Psyche
 16365 | D:11     | Identified the +2 pair of gloves of Egalitarianism {rN+
                  | Regen+ rCorr Int+3} (Okawaru gifted it to you on level 11
                  | of the Dungeon)
 16365 | D:11     | Received a gift from Okawaru
 16373 | D:11     | Killed Sonja
 16409 | D:11     | 16409 ||| READING scroll of acquirement.
 16409 | D:11     | 16409 ||| ACQUIRING 545 gold pieces
 16409 | D:11     | Acquired 545 gold pieces
 16553 | D:11     | Noticed Nergalle
 16567 | D:11     | 16567 ||| Stepping ~*~*~tactically~*~*~ (retreating).
 16568 | D:11     | 16568 ||| Stepping ~*~*~tactically~*~*~ (retreating).
 16569 | D:11     | 16569 ||| Stepping ~*~*~tactically~*~*~ (retreating).
 16576 | D:11     | Killed Nergalle
 16783 | D:11     | 16783 ||| PLANNING D
 16783 | D:11     | 16783 ||| DROPPING +2 pair of gloves.
 16784 | D:11     | 16784 ||| UPGRADING to +2 pair of gloves of Egalitarianism
                  | {rN+ Regen+ rCorr Int+3}.
 16794 | D:11     | 16794 ||| UPGRADING to +1 robe of the Original Sin {rF++
                  | Int-3 Slay+2 SInv}.
 16804 | D:11     | 16804 ||| REMOVING ring of see invisible.
 17019 | D:12     | 17019 ||| Stepping ~*~*~tactically~*~*~ (outnumbered).
 17021 | D:12     | 17021 ||| Stepping ~*~*~tactically~*~*~ (outnumbered).
 17220 | D:12     | 17220 ||| Stepping ~*~*~tactically~*~*~ (outnumbered).
 17222 | D:12     | 17222 ||| Stepping ~*~*~tactically~*~*~ (outnumbered).
 17226 | D:12     | 17226 ||| Stepping ~*~*~tactically~*~*~ (outnumbered).
 17227 | D:12     | 17227 ||| Stepping ~*~*~tactically~*~*~ (outnumbered).
 17229 | D:12     | 17229 ||| Stepping ~*~*~tactically~*~*~ (outnumbered).
 17473 | D:12     | Reached skill level 9 in Dodging
 17479 | D:12     | 17479 ||| INVOKING Heroism.
 17528 | D:12     | 17528 ||| Stepping ~*~*~tactically~*~*~ (outnumbered).
 17529 | D:12     | 17529 ||| Stepping ~*~*~tactically~*~*~ (outnumbered).
 17530 | D:12     | 17530 ||| Stepping ~*~*~tactically~*~*~ (outnumbered).
 17770 | D:12     | 17770 ||| Stepping ~*~*~tactically~*~*~ (outnumbered).
 18010 | D:13     | 18010 ||| RETREATING.
 18011 | D:13     | 18011 ||| INVOKING Heroism.
 18093 | D:13     | Found a gate to the Vaults.
 18951 | D:13     | 18951 ||| DRINKING 5 potions of curing.
 18951 | D:13     | 18951 ||| (to cure confusion)
 18979 | D:13     | 18979 ||| DROPPING +1 leather armour of cold resistance.
 19070 | D:14     | 19070 ||| INVOKING Heroism.
 19079 | D:14     | 19079 ||| Stepping ~*~*~tactically~*~*~ (retreating).
 19080 | D:14     | 19080 ||| Stepping ~*~*~tactically~*~*~ (retreating).
 19095 | D:14     | Reached XP level 15. HP: 79/104 MP: 22/22
 19141 | D:14     | Noticed Kirke
 19142 | D:14     | 19142 ||| INVOKING Heroism.
 19143 | D:14     | 19143 ||| Stepping ~*~*~tactically~*~*~ (retreating).
 19144 | D:14     | 19144 ||| INVOKING Finesse.
 19145 | D:14     | 19145 ||| Stepping ~*~*~tactically~*~*~ (retreating).
 19146 | D:14     | 19146 ||| Stepping ~*~*~tactically~*~*~ (retreating).
 19153 | D:14     | 19153 ||| RETREATING.
 19162 | D:14     | Killed Kirke
 19221 | D:14     | 19221 ||| Stepping ~*~*~tactically~*~*~ (outnumbered).
 19222 | D:14     | 19222 ||| Stepping ~*~*~tactically~*~*~ (outnumbered).
 19223 | D:14     | 19223 ||| Stepping ~*~*~tactically~*~*~ (outnumbered).
 19225 | D:14     | 19225 ||| Stepping ~*~*~tactically~*~*~ (outnumbered).
 19226 | D:14     | 19226 ||| Stepping ~*~*~tactically~*~*~ (outnumbered).
 19227 | D:14     | 19227 ||| Stepping ~*~*~tactically~*~*~ (outnumbered).
 19232 | D:14     | 19232 ||| Stepping ~*~*~tactically~*~*~ (outnumbered).
 19438 | D:14     | 19438 ||| RETREATING.
 19578 | D:14     | 19578 ||| Stepping ~*~*~tactically~*~*~ (outnumbered).
 19644 | D:14     | 19644 ||| INVOKING Heroism.
 19652 | D:14     | 19652 ||| Stepping ~*~*~tactically~*~*~ (retreating).
 19653 | D:14     | 19653 ||| Stepping ~*~*~tactically~*~*~ (retreating).
 19659 | D:14     | Received a gift from Okawaru
 19659 | D:14     | Found the +2 pair of slick slippers {slick, slippery, EV+4}
 19667 | D:14     | HP: 22/104 [skeletal warrior/+4 trident (14)]
 19668 | D:14     | 19668 ||| READING 5 scrolls of teleportation.
 19669 | D:14     | 19669 ||| DRINKING potion of heal wounds.
 19908 | D:14     | 19908 ||| INVOKING Heroism.
 20052 | D:14     | 20052 ||| FLEEEEING.
 20067 | D:14     | 20067 ||| FLEEEEING.
 20068 | D:14     | 20068 ||| FLEEEEING.
 20104 | D:14     | 20104 ||| UPGRADING to +2 pair of slick slippers {slick,
                  | slippery, EV+4}.
 20114 | D:14     | 20114 ||| DROPPING +2 pair of boots.
 20115 | D:14     | 20115 ||| READING scroll labelled XADUJU JIUF.
 20156 | D:15     | Entered Level 15 of the Dungeon
 20167 | D:15     | 20167 ||| INVOKING Heroism.
 20239 | D:15     | 20239 ||| INVOKING Heroism.
 20250 | D:15     | HP: 19/105 [ice dragon/blast of cold (28)]
 20251 | D:15     | 20251 ||| READING 5 scrolls of teleportation.
 20252 | D:15     | 20252 ||| DRINKING 2 potions of heal wounds.
 20253 | D:15     | 20253 ||| DRINKING potion of heal wounds.
 20430 | D:15     | Found a basalt altar of Yredelemnul.
 20496 | D:15     | 20496 ||| INVOKING Heroism.
 20497 | D:15     | 20497 ||| Stepping ~*~*~tactically~*~*~ (outnumbered).
 20504 | D:15     | 20504 ||| Stepping ~*~*~tactically~*~*~ (outnumbered).
 20585 | D:15     | Found a staircase to the Depths.
 20627 | D:15     | 20627 ||| Stepping ~*~*~tactically~*~*~ (outnumbered).
 20628 | D:15     | 20628 ||| Stepping ~*~*~tactically~*~*~ (outnumbered).
 20629 | D:15     | 20629 ||| Stepping ~*~*~tactically~*~*~ (outnumbered).
 20630 | D:15     | 20630 ||| Stepping ~*~*~tactically~*~*~ (outnumbered).
 20631 | D:15     | 20631 ||| Stepping ~*~*~tactically~*~*~ (outnumbered).
 20632 | D:15     | 20632 ||| Stepping ~*~*~tactically~*~*~ (outnumbered).
 20633 | D:15     | 20633 ||| Stepping ~*~*~tactically~*~*~ (outnumbered).
 20634 | D:15     | 20634 ||| Stepping ~*~*~tactically~*~*~ (outnumbered).
 20637 | D:15     | 20637 ||| Stepping ~*~*~tactically~*~*~ (outnumbered).
 20639 | D:15     | 20639 ||| Stepping ~*~*~tactically~*~*~ (outnumbered).
 20641 | D:15     | 20641 ||| Stepping ~*~*~tactically~*~*~ (outnumbered).
 20642 | D:15     | 20642 ||| Stepping ~*~*~tactically~*~*~ (outnumbered).
 20645 | D:15     | 20645 ||| Stepping ~*~*~tactically~*~*~ (outnumbered).
 20646 | D:15     | 20646 ||| Stepping ~*~*~tactically~*~*~ (outnumbered).
 20825 | D:15     | 20825 ||| INVOKING Heroism.
 20834 | D:15     | 20834 ||| RETREATING.
 21130 | D:15     | 21130 ||| PLANNING ORC
 21130 | D:15     | 21130 ||| UPGRADING to +0 cloak.
 21269 | Orc:1    | Entered Level 1 of the Orcish Mines
 21269 | Orc:1    | Found Uhop's Jewellery Shoppe.
 21270 | Orc:1    | 21270 ||| INVOKING Heroism.
 21272 | Orc:1    | 21272 ||| STAIRDANCE
 21285 | Orc:1    | 21285 ||| STAIRDANCE
 21304 | Orc:1    | 21304 ||| STAIRDANCE
 21326 | Orc:1    | 21326 ||| STAIRDANCE
 21341 | Orc:1    | 21341 ||| STAIRDANCE
 21348 | Orc:1    | 21348 ||| STAIRDANCE
 21359 | Orc:1    | 21359 ||| STAIRDANCE
 21369 | Orc:1    | 21369 ||| STAIRDANCE
 21376 | Orc:1    | 21376 ||| STAIRDANCE
 21378 | D:10     | 21378 ||| INVOKING Heroism.
 21387 | D:10     | 21387 ||| Stepping ~*~*~tactically~*~*~ (retreating).
 21388 | D:10     | 21388 ||| Stepping ~*~*~tactically~*~*~ (retreating).
 21389 | D:10     | 21389 ||| Stepping ~*~*~tactically~*~*~ (retreating).
 21397 | Orc:1    | 21397 ||| STAIRDANCE
 21412 | Orc:1    | 21412 ||| STAIRDANCE
 21443 | Orc:1    | 21443 ||| INVOKING Heroism.
 21480 | Orc:1    | 21480 ||| RETREATING.
 21484 | Orc:1    | 21484 ||| Stepping ~*~*~tactically~*~*~ (retreating).
 21485 | Orc:1    | 21485 ||| Stepping ~*~*~tactically~*~*~ (retreating).
 21486 | Orc:1    | 21486 ||| Stepping ~*~*~tactically~*~*~ (retreating).
 21490 | Orc:1    | 21490 ||| INVOKING Heroism.
 21498 | Orc:1    | Paralysed by an orc sorcerer for 3 turns
 21521 | Orc:1    | 21521 ||| BUYING +4 ring of protection (468 gold).
 21521 | Orc:1    | Bought a +4 ring of protection for 468 gold pieces
 21521 | Orc:1    | 21521 ||| BUYING amulet of regeneration (390 gold).
 21521 | Orc:1    | Bought an amulet of regeneration for 390 gold pieces
 21521 | Orc:1    | 21521 ||| BUYING ring of Ickow {rN++ rCorr Dex+3} (569
                  | gold).
 21521 | Orc:1    | Bought the ring of Ickow {rN++ rCorr Dex+3} for 569 gold
                  | pieces
 21603 | Orc:1    | Found Asecvo's Distillery.
 21612 | Orc:1    | 21612 ||| BUYING 2 potions of haste (360 gold).
 21612 | Orc:1    | Bought 2 potions of haste for 360 gold pieces
 21612 | Orc:1    | 21612 ||| BUYING potion of cancellation (144 gold).
 21612 | Orc:1    | Bought a potion of cancellation for 144 gold pieces
 21612 | Orc:1    | 21612 ||| BUYING potion of curing (54 gold).
 21612 | Orc:1    | Bought a potion of curing for 54 gold pieces
 21612 | Orc:1    | 21612 ||| BUYING potion of heal wounds (90 gold).
 21612 | Orc:1    | Bought a potion of heal wounds for 90 gold pieces
 21612 | Orc:1    | 21612 ||| BUYING potion of might (72 gold).
 21612 | Orc:1    | Bought a potion of might for 72 gold pieces
 21612 | Orc:1    | 21612 ||| BUYING potion of might (72 gold).
 21612 | Orc:1    | Bought a potion of might for 72 gold pieces
 21612 | Orc:1    | 21612 ||| BUYING potion of might (72 gold).
 21612 | Orc:1    | Bought a potion of might for 72 gold pieces
 21612 | Orc:1    | 21612 ||| SHOPLISTING potion of mutation (144 gold, have
                  | 76).
 21722 | Orc:1    | 21722 ||| DROPPING amulet of the acrobat.
 21723 | Orc:1    | 21723 ||| UPGRADING to +4 ring of protection.
 21724 | Orc:1    | 21724 ||| DROPPING ring of see invisible.
 21740 | Orc:2    | Entered Level 2 of the Orcish Mines
 21746 | Orc:2    | Noticed an orc warlord
 21747 | Orc:2    | 21747 ||| INVOKING Heroism.
 21748 | Orc:2    | 21748 ||| STAIRDANCE
 21761 | Orc:2    | 21761 ||| STAIRDANCE
 21770 | Orc:2    | 21770 ||| STAIRDANCE
 21776 | Orc:2    | 21776 ||| STAIRDANCE
 21781 | Orc:2    | 21781 ||| STAIRDANCE
 21788 | Orc:2    | 21788 ||| STAIRDANCE
 21798 | Orc:2    | 21798 ||| STAIRDANCE
 21805 | Orc:2    | 21805 ||| INVOKING Heroism.
 21821 | Orc:2    | Killed an orc warlord
 21825 | Orc:2    | 21825 ||| STAIRDANCE
 21829 | Orc:1    | Reached skill level 18 in Fighting
 21838 | Orc:2    | 21838 ||| STAIRDANCE
 21846 | Orc:2    | 21846 ||| STAIRDANCE
 21854 | Orc:2    | 21854 ||| STAIRDANCE
 21949 | Orc:1    | 21949 ||| Stepping ~*~*~tactically~*~*~ (outnumbered).
 21950 | Orc:1    | 21950 ||| Stepping ~*~*~tactically~*~*~ (outnumbered).
 21967 | Orc:1    | Found a burning altar of Makhleb.
 21970 | Orc:1    | Noticed Erolcha
 21974 | Orc:1    | Killed Erolcha
 22085 | Orc:2    | Noticed an orc warlord
 22086 | Orc:2    | 22086 ||| INVOKING Heroism.
 22087 | Orc:2    | 22087 ||| RETREATING.
 22095 | Orc:2    | 22095 ||| RETREATING.
 22097 | Orc:2    | 22097 ||| Stepping ~*~*~tactically~*~*~ (retreating).
 22098 | Orc:2    | 22098 ||| Stepping ~*~*~tactically~*~*~ (outnumbered).
 22099 | Orc:2    | 22099 ||| Stepping ~*~*~tactically~*~*~ (outnumbered).
 22101 | Orc:2    | 22101 ||| Stepping ~*~*~tactically~*~*~ (retreating).
 22102 | Orc:2    | 22102 ||| Stepping ~*~*~tactically~*~*~ (retreating).
 22103 | Orc:2    | 22103 ||| Stepping ~*~*~tactically~*~*~ (retreating).
 22104 | Orc:2    | 22104 ||| Stepping ~*~*~tactically~*~*~ (retreating).
 22105 | Orc:2    | 22105 ||| Stepping ~*~*~tactically~*~*~ (retreating).
 22106 | Orc:2    | 22106 ||| RETREATING.
 22108 | Orc:2    | 22108 ||| Stepping ~*~*~tactically~*~*~ (retreating).
 22109 | Orc:2    | 22109 ||| INVOKING Finesse.
 22116 | Orc:2    | 22116 ||| Stepping ~*~*~tactically~*~*~ (outnumbered).
 22131 | Orc:2    | Killed an orc warlord
 22265 | Orc:2    | 22265 ||| Stepping ~*~*~tactically~*~*~ (outnumbered).
 22266 | Orc:2    | 22266 ||| Stepping ~*~*~tactically~*~*~ (outnumbered).
 22267 | Orc:2    | 22267 ||| Stepping ~*~*~tactically~*~*~ (outnumbered).
 22268 | Orc:2    | 22268 ||| Stepping ~*~*~tactically~*~*~ (outnumbered).
 22269 | Orc:2    | 22269 ||| Stepping ~*~*~tactically~*~*~ (outnumbered).
 22270 | Orc:2    | 22270 ||| Stepping ~*~*~tactically~*~*~ (outnumbered).
 22271 | Orc:2    | 22271 ||| Stepping ~*~*~tactically~*~*~ (outnumbered).
 22272 | Orc:2    | 22272 ||| Stepping ~*~*~tactically~*~*~ (outnumbered).
 22273 | Orc:2    | 22273 ||| Stepping ~*~*~tactically~*~*~ (outnumbered).
 22276 | Orc:2    | 22276 ||| Stepping ~*~*~tactically~*~*~ (outnumbered).
 22277 | Orc:2    | 22277 ||| Stepping ~*~*~tactically~*~*~ (outnumbered).
 22278 | Orc:2    | 22278 ||| Stepping ~*~*~tactically~*~*~ (outnumbered).
 22279 | Orc:2    | 22279 ||| Stepping ~*~*~tactically~*~*~ (outnumbered).
 22280 | Orc:2    | 22280 ||| Stepping ~*~*~tactically~*~*~ (outnumbered).
 22281 | Orc:2    | 22281 ||| Stepping ~*~*~tactically~*~*~ (outnumbered).
 22282 | Orc:2    | 22282 ||| Stepping ~*~*~tactically~*~*~ (outnumbered).
 22283 | Orc:2    | 22283 ||| Stepping ~*~*~tactically~*~*~ (outnumbered).
 22284 | Orc:2    | 22284 ||| Stepping ~*~*~tactically~*~*~ (outnumbered).
 22285 | Orc:2    | 22285 ||| Stepping ~*~*~tactically~*~*~ (outnumbered).
 22286 | Orc:2    | 22286 ||| Stepping ~*~*~tactically~*~*~ (outnumbered).
 22287 | Orc:2    | 22287 ||| Stepping ~*~*~tactically~*~*~ (outnumbered).
 22288 | Orc:2    | 22288 ||| Stepping ~*~*~tactically~*~*~ (outnumbered).
 22292 | Orc:2    | 22292 ||| Stepping ~*~*~tactically~*~*~ (outnumbered).
 22329 | Orc:2    | Found Ereawkiz's Antique Weapon Shoppe.
 22329 | Orc:2    | Found Xuxiel's Jewellery Boutique.
 22329 | Orc:2    | Found Ekishix's Book Shop.
 22332 | Orc:2    | Found Foonnax's Weapon Emporium.
 22341 | Orc:2    | 22341 ||| SHOPLISTING +6 ring of dexterity (396 gold, have
                  | 383).
 22341 | Orc:2    | 22341 ||| BUYING ring of fire (275 gold).
 22341 | Orc:2    | Bought a ring of fire for 275 gold pieces
 22358 | Orc:2    | 22358 ||| Stepping ~*~*~tactically~*~*~ (outnumbered).
 22366 | Orc:2    | 22366 ||| Stepping ~*~*~tactically~*~*~ (outnumbered).
 22368 | Orc:2    | 22368 ||| Stepping ~*~*~tactically~*~*~ (outnumbered).
 22371 | Orc:2    | 22371 ||| Stepping ~*~*~tactically~*~*~ (outnumbered).
 22381 | Orc:2    | 22381 ||| Stepping ~*~*~tactically~*~*~ (outnumbered).
 22382 | Orc:2    | 22382 ||| Stepping ~*~*~tactically~*~*~ (outnumbered).
 22578 | Orc:2    | 22578 ||| Stepping ~*~*~tactically~*~*~ (outnumbered).
 22584 | Orc:2    | Noticed an orc warlord
 22585 | Orc:2    | 22585 ||| Stepping ~*~*~tactically~*~*~ (outnumbered).
 22588 | Orc:2    | 22588 ||| Stepping ~*~*~tactically~*~*~ (outnumbered).
 22590 | Orc:2    | 22590 ||| INVOKING Heroism.
 22591 | Orc:2    | 22591 ||| INVOKING Finesse.
 22602 | Orc:2    | Killed an orc warlord
 22681 | Orc:2    | Found a staircase to the Elven Halls.
 22751 | Orc:2    | 22751 ||| PLANNING SPIDER:1-3
 22896 | Spider:1 | Entered Level 1 of the Spider Nest
 22918 | Spider:1 | Identified the +8 ring mail of Disguise {Harm}
 22970 | Spider:1 | 22970 ||| Stepping ~*~*~tactically~*~*~ (outnumbered).
 22972 | Spider:1 | 22972 ||| Stepping ~*~*~tactically~*~*~ (outnumbered).
 22974 | Spider:1 | 22974 ||| INVOKING Finesse.
 23129 | Spider:1 | Reached XP level 16. HP: 114/114 MP: 23/23
 23145 | Spider:1 | 23145 ||| INVOKING Finesse.
 23346 | Spider:1 | Received a gift from Okawaru
 23455 | Spider:1 | 23455 ||| SWAPPING to +5 longbow.
 23461 | Spider:1 | 23461 ||| DROPPING +3 orcbow of freezing.
 23485 | Spider:1 | 23485 ||| Stepping ~*~*~tactically~*~*~ (retreating).
 23486 | Spider:1 | 23486 ||| Stepping ~*~*~tactically~*~*~ (retreating).
 23487 | Spider:1 | 23487 ||| Stepping ~*~*~tactically~*~*~ (retreating).
 23488 | Spider:1 | 23488 ||| Stepping ~*~*~tactically~*~*~ (retreating).
 23489 | Spider:1 | 23489 ||| Stepping ~*~*~tactically~*~*~ (retreating).
 23490 | Spider:1 | 23490 ||| Stepping ~*~*~tactically~*~*~ (retreating).
 23491 | Spider:1 | 23491 ||| INVOKING Heroism.
 23500 | Spider:1 | 23500 ||| RETREATING.
 23501 | Spider:1 | 23501 ||| Stepping ~*~*~tactically~*~*~ (retreating).
 23502 | Spider:1 | 23502 ||| Stepping ~*~*~tactically~*~*~ (retreating).
 23503 | Spider:1 | 23503 ||| Stepping ~*~*~tactically~*~*~ (retreating).
 23504 | Spider:1 | 23504 ||| Stepping ~*~*~tactically~*~*~ (retreating).
 23508 | Spider:1 | 23508 ||| Stepping ~*~*~tactically~*~*~ (retreating).
 23509 | Spider:1 | 23509 ||| Stepping ~*~*~tactically~*~*~ (retreating).
 23510 | Spider:1 | 23510 ||| Stepping ~*~*~tactically~*~*~ (retreating).
 23511 | Spider:1 | 23511 ||| Stepping ~*~*~tactically~*~*~ (retreating).
 23512 | Spider:1 | 23512 ||| Stepping ~*~*~tactically~*~*~ (retreating).
 23513 | Spider:1 | 23513 ||| Stepping ~*~*~tactically~*~*~ (retreating).
 23514 | Spider:1 | 23514 ||| Stepping ~*~*~tactically~*~*~ (retreating).
 23515 | Spider:1 | 23515 ||| Stepping ~*~*~tactically~*~*~ (retreating).
 23516 | Spider:1 | 23516 ||| Stepping ~*~*~tactically~*~*~ (retreating).
 23523 | Spider:1 | 23523 ||| Stepping ~*~*~tactically~*~*~ (retreating).
 23524 | Spider:1 | 23524 ||| Stepping ~*~*~tactically~*~*~ (retreating).
 23526 | Spider:1 | 23526 ||| INVOKING Finesse.
 23527 | Spider:1 | 23527 ||| Stepping ~*~*~tactically~*~*~ (retreating).
 23528 | Spider:1 | 23528 ||| Stepping ~*~*~tactically~*~*~ (retreating).
 23529 | Spider:1 | 23529 ||| Stepping ~*~*~tactically~*~*~ (retreating).
 23530 | Spider:1 | 23530 ||| Stepping ~*~*~tactically~*~*~ (retreating).
 23531 | Spider:1 | 23531 ||| INVOKING Heroism.
 23536 | Spider:1 | 23536 ||| Stepping ~*~*~tactically~*~*~ (retreating).
 23725 | Spider:1 | 23725 ||| DRINKING 6 potions of curing.
 23725 | Spider:1 | 23725 ||| (to cure confusion)
 24115 | Spider:1 | 24115 ||| DROPPING ring of protection from cold.
 24116 | Spider:1 | 24116 ||| UPGRADING to +6 ring of dexterity.
 24118 | Spider:1 | 24118 ||| DROPPING +4 ring of protection.
 24139 | Spider:2 | 24139 ||| INVOKING Finesse.
 24219 | Spider:2 | 24219 ||| RETREATING.
 24225 | Spider:2 | 24225 ||| Stepping ~*~*~tactically~*~*~ (retreating).
 24226 | Spider:2 | 24226 ||| Stepping ~*~*~tactically~*~*~ (retreating).
 24227 | Spider:2 | 24227 ||| Stepping ~*~*~tactically~*~*~ (retreating).
 24267 | Spider:2 | Found a runed translucent gate.
 24267 | Spider:2 | Found a runed translucent gate.
 24268 | Spider:2 | Found a runed translucent gate.
 24270 | Spider:2 | Noticed Secrolyq's ghost (adept GrFi)
 24270 | Spider:2 | Noticed Feguytzu's ghost (journeyman GrMo)
 24302 | Spider:2 | 24302 ||| INVOKING Heroism.
 24311 | Spider:2 | 24311 ||| Stepping ~*~*~tactically~*~*~ (retreating).
 24312 | Spider:2 | 24312 ||| Stepping ~*~*~tactically~*~*~ (retreating).
 24325 | Spider:2 | 24325 ||| FLEEEEING.
 24333 | Spider:2 | 24333 ||| STAIRDANCE
 24435 | Spider:1 | 24435 ||| READING scroll labelled OCHEGR LIODDE.
 24458 | Spider:2 | 24458 ||| RETREATING.
 24509 | Spider:2 | 24509 ||| DRINKING 5 potions of curing.
 24509 | Spider:2 | 24509 ||| (to cure confusion)
 24692 | Spider:2 | Noticed Arachne
 24693 | Spider:2 | 24693 ||| INVOKING Heroism.
 24694 | Spider:2 | 24694 ||| INVOKING Finesse.
 24709 | Spider:2 | Killed Arachne
 24844 | Spider:2 | 24844 ||| INVOKING Heroism.
 24855 | Spider:2 | 24855 ||| Stepping ~*~*~tactically~*~*~ (retreating).
 24856 | Spider:2 | 24856 ||| Stepping ~*~*~tactically~*~*~ (retreating).
 24857 | Spider:2 | 24857 ||| Stepping ~*~*~tactically~*~*~ (retreating).
 24858 | Spider:2 | 24858 ||| Stepping ~*~*~tactically~*~*~ (retreating).
 24884 | Spider:2 | 24884 ||| Stepping ~*~*~tactically~*~*~ (retreating).
 24885 | Spider:2 | 24885 ||| INVOKING Finesse.
 24886 | Spider:2 | 24886 ||| INVOKING Heroism.
 24887 | Spider:2 | 24887 ||| Stepping ~*~*~tactically~*~*~ (retreating).
 24895 | Spider:2 | 24895 ||| Stepping ~*~*~tactically~*~*~ (outnumbered).
 24904 | Spider:2 | Reached skill level 18 in Ranged Weapons
 24953 | Spider:2 | 24953 ||| Stepping ~*~*~tactically~*~*~ (retreating).
 24957 | Spider:2 | 24957 ||| Stepping ~*~*~tactically~*~*~ (retreating).
 24958 | Spider:2 | 24958 ||| Stepping ~*~*~tactically~*~*~ (retreating).
 24959 | Spider:2 | 24959 ||| Stepping ~*~*~tactically~*~*~ (retreating).
 24990 | Spider:2 | Found the +7 hand cannon "Mule" {flame, backblast, rF+}
 25000 | Spider:2 | 25000 ||| SWAPPING to +7 hand cannon "Mule" {flame,
                  | backblast, rF+}.
 25001 | Spider:2 | 25001 ||| DROPPING +5 longbow.
 25133 | Spider:2 | 25133 ||| DROPPING +0 leather armour of poison resistance.
 25134 | Spider:2 | 25134 ||| DROPPING +1 helmet.
 25174 | Spider:3 | Noticed Donald
 25175 | Spider:3 | 25175 ||| INVOKING Heroism.
 25176 | Spider:3 | 25176 ||| INVOKING Finesse.
 25178 | Spider:3 | Killed Donald
 25180 | Spider:3 | 25180 ||| RETREATING.
 25182 | Spider:3 | 25182 ||| Stepping ~*~*~tactically~*~*~ (retreating).
 25183 | Spider:3 | 25183 ||| Stepping ~*~*~tactically~*~*~ (retreating).
 25184 | Spider:3 | 25184 ||| Stepping ~*~*~tactically~*~*~ (retreating).
 25185 | Spider:3 | 25185 ||| Stepping ~*~*~tactically~*~*~ (retreating).
 25203 | Spider:3 | HP: 6/114 [wolf spider simulacrum (26)]
 25204 | Spider:3 | 25204 ||| READING 6 scrolls of teleportation.
 25204 | Spider:3 | Slain by an entropy weaver

Levels and vault maps discovered:
D:1:      minmay_arrival_up_and_down, layout_basic, kennysheep_boxes
D:2:      wander_river, layout_basic
D:3:      layout_rooms, serial_shops, nicolae_shop_stone, minmay_misc_feat_x
D:4:      layout_loops_corners, nicolae_tso_carved_into_rock
D:5:      layout_layer_cave, grunt_gozag_statues, gammafunk_ghost_smash,
          minmay_gold_behind_fungi
D:6:      layout_loops_corners, minmay_temple_entry_stoned_glass, uniq_sigmund,
          uniq_pikel
D:7:      layout_rooms, minitemple, serial_bayou_crossing,
          uniq_crazy_yiuf_cottage
D:8:      layout_basic, minivault_1, nrook_mini_vaults, the_hattery, uniq_erica,
          uniq_jeremiah
D:9:      layout_small_grid, serial_shops, nicolae_shop_mannequins
D:10:     layout_long_grid, lair_entry_dummy, orc_0_dummy, enter_bailey_7,
          kennysheep_generic_room_14
D:11:     layout_irregular_city, uniq_lodul, uniq_psyche, uniq_nergalle,
          uniq_sonja
D:12:     layout_stronghold
D:13:     layout_grid_maze, david_vaults_2
D:14:     layout_stronghold, uniq_kirke
D:15:     grunt_enter_depths_hoard, layout_grid_maze, lemuel_doored_altar
Temple:   corrupted_temple
Lair:1:   lemuel_slime, layout_chaotic_city, hellmonk_ghost_happy_afterlife
Lair:2:   layout_hall_layers, minmay_shoals_entry_centaurs
Lair:3:   layout_cave_pods, nicolae_spider_entry_non_spiders, uniq_urug
Lair:4:   layout_regular_city, slime_entry_1, columned_hall_lemuel
Lair:5:   evil_forest, layout_concentric_octagons,
          chequers_serial_rivers_micro_d, pdpol_lair_neglected_garden,
          serial_bayou_shore_a, grunt_megastairs_2
Spider:1: layout_chambers
Spider:2: nicolae_spider_brood_tunnel, gammafunk_ghost_cemetery, uniq_arachne
Spider:3: layout_spider_delve, drop_trap, hellmonk_narrow_tunnel, uniq_donald
Orc:1:    layout_caves, serial_shops, nicolae_shop_gibbet_a_chance,
          nicolae_shop_trees, bloody_makhleb, uniq_erolcha
Orc:2:    st_orc_rangers, layout_caves, lemuel_statue_altar

Skill      XL: |  1  2  3  4  5  6  7  8  9 10 11 12 13 14 15 16 |
---------------+-------------------------------------------------+-----
Ranged Weapons | 5 6 7 8 10 11 13 14 16 18 | 18.4
Fighting       | 3 4 5 6 8 10 13 15 18 | 18.2
Armour         | 1 2 3 4 6 7 |  7.0
Dodging        | 2 3 4 5 7 9 11 | 11.0
Invocations    | 4 7 10 | 10.0
Stealth        | |  1.1

Action                     |  1- 3 |  4- 6 |  7- 9 | 10-12 | 13-15 | 16-18 || total
---------------------------+-------+-------+-------+-------+-------+-------++-------
  Melee: Unarmed           |       |       |     4 |       |       |       ||     4
   Fire: Shortbow          |   115 |   132 |   253 |       |       |       ||   500
         Orcbow            |       |       |    44 |   689 |  1767 |    37 ||  2537
         Longbow           |       |       |       |       |       |   344 ||   344
         Hand cannon       |       |       |       |       |       |    23 ||    23
 Invoke: Heroism           |       |       |       |    22 |    34 |     7 ||    63
         Finesse           |       |       |       |     2 |     9 |     6 ||    17
    Use: Scroll            |     5 |     1 |    15 |    10 |     5 |     2 ||    38
         Potion            |     1 |       |     4 |       |     5 |     2 ||    12
 Armour: Leather armour    |    20 |    63 |   119 |   210 |   256 |       ||   668
         Skin              |       |       |     3 |       |       |       ||     3
         Robe              |       |       |       |       |   267 |   123 ||   390
  Dodge: Dodged            |    26 |    67 |   100 |   217 |   839 |   361 ||  1610

Table legend:
 A = Non-vault XP
 B = Vault XP
 C = Vault XP percentage of total XP
 D = Non-vault monster count
 E = Vault monster count
 F = Vault count percentage of total count
                 A         B        C        D         E       F
            +---------+---------+-------+---------+---------+-------
      Total |  126983 |   41603 |  24.7 |     618 |     144 |  18.9
            +---------+---------+-------+---------+---------+-------
        D:1 |      33 |       0 |   0.0 |      19 |       0 |   0.0
        D:2 |      63 |       0 |   0.0 |      25 |       0 |   0.0
        D:3 |     141 |       0 |   0.0 |      15 |       0 |   0.0
        D:4 |     390 |       0 |   0.0 |      18 |       0 |   0.0
        D:5 |     306 |       0 |   0.0 |       7 |       0 |   0.0
        D:6 |    2246 |     872 |  28.0 |      40 |       2 |   4.8
        D:7 |     664 |       0 |   0.0 |      18 |       0 |   0.0
        D:8 |     506 |    1510 |  74.9 |      11 |       3 |  21.4
        D:9 |    1588 |       0 |   0.0 |      30 |       0 |   0.0
       D:10 |    4522 |     853 |  15.9 |      44 |       6 |  12.0
       D:11 |    3211 |    3772 |  54.0 |      18 |      13 |  41.9
       D:12 |    6026 |       0 |   0.0 |      27 |       0 |   0.0
       D:13 |    3286 |    1447 |  30.6 |       9 |       3 |  25.0
       D:14 |   13160 |    1615 |  10.9 |      27 |       2 |   6.9
       D:15 |    8257 |    1636 |  16.5 |      25 |       2 |   7.4
     Lair:1 |    5498 |     608 |  10.0 |      23 |      22 |  48.9
     Lair:2 |    6268 |     474 |   7.0 |      22 |       4 |  15.4
     Lair:3 |    5878 |     890 |  13.2 |      15 |       9 |  37.5
     Lair:4 |    9337 |     770 |   7.6 |      27 |       1 |   3.6
     Lair:5 |   15058 |   10936 |  42.1 |      37 |      27 |  42.2
   Spider:1 |   15809 |       0 |   0.0 |      36 |       0 |   0.0
   Spider:2 |   11953 |   10743 |  47.3 |      34 |      16 |  32.0
   Spider:3 |    2908 |    1319 |  31.2 |       5 |       1 |  16.7
      Orc:1 |    3789 |     878 |  18.8 |      38 |       1 |   2.6
      Orc:2 |    6086 |    3280 |  35.0 |      48 |      32 |  40.0
            +---------+---------+-------+---------+---------+-------
